 Dungeon Crawl Stone Soup version 0.30.1-3-gfc49f6343a (webtiles) character file.

Game seed: 10314946171352783357

1675345 Jannitor the Slayer (level 27, 309/309 HPs)
             Began as a Demonspawn Brigand on June 18, 2023.
             Was a Favourite Plaything of Xom.
             Escaped with the Orb
             ... and 3 runes on Aug 8, 2023!
             The game lasted 02:37:03 (72800 turns).

Jannitor the Slayer (Demonspawn Brigand)           Turns: 72800, Time: 02:37:04

Health: 309/309    AC: 15    Str: 19    XL:     27
Magic:  22/33      EV: 40    Int: 22    God:    Xom [.....*]
Gold:   3274       SH: 27    Dex: 21    Spells: 28/46 levels left

rFire   + + +        J - +5 demon trident "Quso" {heavy, Fly}
rCold   + + +        H - +2 shield of Resistance {rF++ rC++ Will++}
rNeg    + . .        Q - +4 Cigotuvi's embrace {Corpsefed rMiasma Drain rN+}
rPois   +            T - +2 helmet {Int+3}
rElec   .            o - scarf {rC+ rF+}
rCorr   .            l - +2 pair of gloves {Str+3}
SInv    .            (boots unavailable)
Will    ++++.        Y - brooch of Shielding {Spirit SH+8}
Stlth   ++           Z - ring of the Hare {EV+10}
HPRegen 0.71/turn    r - ring "Bewkij" {Fly rF++ Dex+3 Slay+4}
MPRegen 0.23/turn

%: random rage (3%), guardian spirit
@: flying, studying 2 skills
A: hooves 3, foul stench 3, powered by pain 3, robust 3, sanguine armour 3,
claws 2, thin skeletal structure 1, berserk 1, clever 1, clumsy 1, cold
resistance 1, deformed body, fire resistance 1, low MP 1, poison resistance,
shaggy fur 1, weak 1, inability to drink after injury 1, inability to read after
injury 1, MP-powered wands, sturdy frame 1, noise suppression
0: Orb of Zot
}: 3/15 runes: serpentine, barnacled, silver
a: Renounce Religion


You escaped.
You worshipped Xom.
You were Xom's teddy bear.
You visited 9 branches of the dungeon, and saw 47 of its levels.
You also visited: Gauntlet, Volcano, Wizlab and Desolation.

You collected 10502 gold pieces.
You spent 7228 gold pieces at shops.

Inventory:

Hand Weapons
 J - the +5 demon trident "Quso" (weapon) {heavy, Fly}
   (You bought it in a shop on level 11 of the Dungeon)

   Fly:       It grants you flight.
 N - a +2 demon trident of draining
Missiles
 d - 17 silver javelins
 I - 19 javelins
 K - 13 throwing nets
 P - 6 curare-tipped darts (quivered)
Armour
 l - a +2 pair of gloves of strength (worn)
 o - a scarf of resistance (worn)
 H - the +2 shield of Resistance (worn) {rF++ rC++ Will++}
   (You found it in the Desolation of Salt)

   rF:        It greatly protects you from fire.
   rC:        It greatly protects you from cold.
   Will:      It greatly increases your willpower.
 Q - the +4 Cigotuvi's embrace (worn) {Corpsefed rMiasma Drain rN+}
   (You bought it in a shop on level 2 of the Orcish Mines)

   Corpsefed: It gathers nearby corpses to temporarily increase the armour it
   provides.
   rMiasma:   It protects you from foul pestilence.
   rN:        It protects you from negative energy.
   Drain:     It drains your maximum health when unequipped.
 T - a +2 helmet of intelligence (worn)
Jewellery
 m - the ring of the Baleful Fig {Wiz rCorr MP-9 Str+6}
   (You took it off a deep elf high priest on level 2 of the Vaults)

   [ring of wizardry]

   It improves your spell success rate.
   Str:       It affects your strength (+6).
   MP:        It affects your magic capacity (-9).
   rCorr:     It protects you from acid and corrosion.
 r - the ring "Bewkij" (right hand) {Fly rF++ Dex+3 Slay+4}
   (You bought it in a shop on level 2 of the Orcish Mines)

   [ring of slaying]

   Dex:       It affects your dexterity (+3).
   Slay:      It affects your accuracy & damage with ranged weapons and melee
   (+4).
   rF:        It greatly protects you from fire.
   Fly:       It grants you flight.
 V - the ring of Qisott {rN++ Int-4 SInv}
   (You found it on level 3 of the Depths)

   [ring of see invisible]

   Int:       It affects your intelligence (-4).
   rN:        It greatly protects you from negative energy.
   SInv:      It lets you see invisible.
 Y - the brooch of Shielding (around neck) {Spirit SH+8}
   (You took it off a deep elf death mage on level 3 of the Elven Halls)

   [amulet of guardian spirit]

   It causes incoming damage to be divided between your reserves of health and
   magic.
   SH:        It affects your SH (+8).
 Z - the ring of the Hare (left hand) {EV+10}
   (You bought it in a shop on level 2 of the Orcish Mines)

   [ring of evasion]

   EV:        It affects your evasion (+10).
Wands
 e - a wand of polymorph (12)
 p - a wand of digging (12)
 u - a wand of mindburst (22)
 L - a wand of charming (35)
 O - a wand of flame (25)
 U - a wand of iceblast (41)
 W - a wand of light (22)
Scrolls
 c - 2 scrolls of blinking
 f - 10 scrolls of amnesia
 h - 15 scrolls of immolation
 j - a scroll of magic mapping
 q - 4 scrolls of fear
 x - 49 scrolls of identify
 y - 6 scrolls of enchant weapon
 B - 6 scrolls of poison
 D - 8 scrolls of enchant armour
 F - 14 scrolls of vulnerability
 G - 8 scrolls of fog
 R - 6 scrolls of teleportation
 X - 6 scrolls of brand weapon
Potions
 a - 3 potions of berserk rage
 b - 6 potions of magic
 g - 7 potions of lignification
 i - 15 potions of mutation
 k - 17 potions of flight
 n - 5 potions of heal wounds
 s - 10 potions of might
 t - 11 potions of attraction
 w - 26 potions of curing
 z - 4 potions of haste
 A - 4 potions of invisibility
 C - 3 potions of cancellation
 E - 12 potions of brilliance
 M - 4 potions of ambrosia
 S - 5 potions of resistance
Miscellaneous
 v - a phantom mirror


   Skills:
 + Level 24.2 Fighting
 - Level 7.5 Short Blades
 - Level 14.0 Polearms
 - Level 7.3 Throwing
 - Level 11.4 Armour
 + Level 23.9 Dodging
 - Level 8.7 Stealth
 + Level 20.1 Shields
 + Level 10.4 Spellcasting
 + Level 10.6 Translocations
 + Level 9.8 Evocations


You had 28 spell levels left.
You knew the following spells:

 Your Spells              Type           Power      Damage    Failure   Level
a - Passwall              Tmut/Erth      9%         N/A       12%         2
b - Swiftness             Air            11%        N/A       22%         3
c - Ensorcelled Hibernat  Hex/Ice        22%        N/A       12%         2
d - Lesser Beckoning      Tloc           100%       N/A       1%          2
e - Gell's Gravitas       Tloc           55%        N/A       1%          3
f - Manifold Assault      Tloc           55%        N/A       1%          4
g - Blink                 Tloc           100%       N/A       1%          2

Your spell library contained the following spells:

 Spells                   Type           Power      Damage    Failure   Level
 Apportation              Tloc           100%       N/A       1%          1
 Momentum Strike          Conj/Tloc      68%        3d9       1%          2
 Teleport Other           Tloc           55%        N/A       1%          3
 Vhi's Electric Charge    Tloc/Air       68%        N/A       2%          3
 Foxfire                  Conj/Fire      44%        2x1d6     8%          1
 Freeze                   Ice            44%        1d6       8%          1
 Magic Dart               Conj           44%        1d5       8%          1
 Necrotise                Necr           44%        1d6       8%          1
 Shock                    Conj/Air       44%        1d5       8%          1
 Slow                     Hex            44%        N/A       8%          1
 Sting                    Tmut/Pois      44%        1d5       8%          1
 Summon Small Mammal      Summ           44%        N/A       8%          1
 Iskenderun's Mystic Bla  Conj/Tloc      34%        2d8       9%          4
 Call Imp                 Summ           22%        N/A       12%         2
 Cigotuvi's Dreadful Rot  Necr/Pois/Air  22%        N/A       12%         2
 Poisonous Vapours        Pois/Air       22%        N/A       12%         2
 Scorch                   Fire           22%        2d5       12%         2
 Sublimation of Blood     Necr           11%        N/A       12%         2
 Wereblood                Tmut           11%        N/A       12%         2
 Dispersal                Tloc           27%        N/A       16%         6
 Confusing Touch          Hex            11%        N/A       22%         3
 Frozen Ramparts          Ice            22%        1d4       22%         3
 Hailstorm                Conj/Ice       11%        3d5       22%         3
 Ignite Poison            Fire/Tmut/Pois 11%        N/A       22%         3
 Inner Flame              Hex/Fire       11%        N/A       22%         3
 Mephitic Cloud           Conj/Pois/Air  11%        N/A       22%         3
 Spider Form              Tmut/Pois      11%        N/A       22%         3
 Stone Arrow              Conj/Erth      22%        3d8       22%         3
 Vampiric Draining        Necr           11%        2d6       22%         3
 Anguish                  Hex/Necr       5%         N/A       58%         4
 Animate Armour           Summ/Erth      22%        N/A       58%         4
 Animate Dead             Necr           11%        N/A       58%         4
 Flame Wave               Conj/Fire      11%        2d6       58%         4
 Ice Form                 Ice/Tmut       11%        N/A       58%         4
 Leda's Liquefaction      Hex/Erth       5%         N/A       58%         4
 Olgreb's Toxic Radiance  Pois           11%        N/A       58%         4
 Petrify                  Tmut/Erth      11%        N/A       58%         4
 Sticky Flame             Conj/Fire      11%        2d3       58%         4
 Arcjolt                  Conj/Air       5%         1d15      91%         5
 Borgnjor's Vile Clutch   Necr/Erth      5%         N/A       91%         5
 Freezing Cloud           Conj/Ice/Air   5%         6-21      91%         5
 Irradiate                Conj/Tmut      5%         3d13      91%         5
 Lee's Rapid Deconstruct  Erth           5%         3d6*      91%         5
 Yara's Violent Unravell  Hex/Tmut       5%         3d4       91%         5
 Plasma Beam              Fire/Air       5%         2x1d17    100%        6
 Simulacrum               Ice/Necr       5%         N/A       100%        6
 Statue Form              Tmut/Erth      7%         N/A       100%        6
 Summon Cactus Giant      Summ           5%         N/A       100%        6
 Enfeeble                 Hex            5%         N/A       100%        7
 Malign Gateway           Summ/Tloc      17%        N/A       100%        7
 Orb of Destruction       Conj           5%         9d5       100%        7
 Ozocubu's Refrigeration  Ice            5%         4d8       100%        7
 Storm Form               Tmut/Air       5%         N/A       100%        7
 Summon Hydra             Summ           5%         N/A       100%        7
 Disjunction              Tloc           27%        N/A       100%        8
 Ignition                 Fire           5%         3d4       100%        8
 Lehudib's Crystal Spear  Conj/Erth      5%         10d3      100%        8
 Summon Horrible Things   Summ           5%         N/A       100%        8
 Chain Lightning          Conj/Air       5%         3d7       100%        9
 Polar Vortex             Ice            5%         N/A       100%        9


Dungeon Overview and Level Annotations

Branches:
Dungeon (15/15)            Temple (0/1) D:6            Lair (5/5) D:11
 Shoals (4/4) Lair:3        Snake (4/4) Lair:2        Slime (0/5) Lair:4
    Orc (2/2) D:9             Elf (3/3) Orc:2        Vaults (5/5) D:13
  Crypt (0/3) Vaults:3     Depths (4/4) D:15            Zot (5/5) Depths:4
Volcano (visited)          WizLab (visited)         Desolation (visited)
Gauntlet (visited)

Altars:
Cheibriados
Fedhas
Hepliaklqana
Kikubaaqudgha
Okawaru
Qazlal
Ru
Vehumet
Xom
Jiyva

Shops:
D:3 =   D:4 =   D:10 [?=   D:11 (*   D:13 *   Orc:2 *[(=   Elf:3 !
Shoals:1 **   Shoals:2 [   Snake:4 *[   Vaults:1 [([(*   Vaults:2 *(?
Vaults:4 [:?

Portals:
Hell: Depths:1 Depths:2 Depths:3 Depths:4
Abyss: Depths:1 Depths:3
Pandemonium: Depths:2 Depths:3
Ziggurat: Depths:4

Annotations:
D:8 2 transporters, SharpKris's ghost, novice GnHs
Lair:1 exclusions: blink frog and hydra


Innate Abilities, Weirdness & Mutations

You have hooves in place of feet.
You frequently emit foul miasma when damaged in melee.
You are powered by pain.
You are extremely robust. (+30% HP)
When seriously injured, your blood forms very thick armour. (AC +0)
You have very sharp fingernails.
You have a somewhat thin skeletal structure. (Dex +2, Stealth+)
You sometimes lose your temper in combat.
Your mind is acute. (Int +4, Str/Dex -1)
You are clumsy. (Dex -2)
Your flesh is cold resistant. (rC+)
Armour fits poorly on your strangely shaped body.
Your flesh is heat resistant. (rF+)
Your magical capacity is low. (-10% MP)
Your system is resistant to poisons. (rPois)
You are covered in fur. (AC +1)
You are weak. (Str -2)
You occasionally lose the ability to drink potions when taking damage.
You occasionally lose the ability to read scrolls when taking damage.
You expend magic power (3 MP) to strengthen your wands.
Your movements are slightly less encumbered by armour. (ER -2)
You passively dampen the noise of your surroundings.


Message History

You are very lightly contaminated with residual magic.
Nothing appears to happen.
Unknown command.
Unknown command.
Casting: Passwall (safe; 12% risk of failure)
Confirm with . or Enter, or press ? or * to list all spells.
Aiming: Passwall (safe; 12% risk of failure)
Press: ? - help, Dir - move target A rock wall.
This square is covered in magical glow.
You begin to meditate on the wall.
You continue meditating on the rock. x3
You finish merging with the rock.
Unknown command.
A mysterious force pulls you upwards. The hatch slams shut behind you.
Unknown command.
Your magical contamination has completely faded away.
There is a stone staircase leading up here.
You fly upwards.
There is a stone staircase leading down here.
Unknown command.
Casting: Passwall (safe; 12% risk of failure)
Confirm with . or Enter, or press ? or * to list all spells.
Aiming: Passwall (safe; 12% risk of failure)
Press: ? - help, Dir - move target A rock wall.
This square is covered in magical glow.
You begin to meditate on the wall.
You continue meditating on the rock. x2
You finish merging with the rock.
There is a stone staircase leading up here.
Okay, then.
Unknown command.
You fly upwards.
There is a stone staircase leading down here.
Unknown command.
An efreet comes into view.
It is wielding a +4 scimitar of flaming.
You see here a +0 club.
There is a staircase leading out of the dungeon here.
Okay, then.
Unknown command.
You have escaped!

######...####.#...#.##.####
##.......####.#...#.##.#
##............#..P#.##.#
.#...........)#P§.#.##.#
..............#P.P#.##.#
..............#P.P#.##.#
..............#P§P#.##.#
..............#P§P#.##.#
..............#P@P#.##.########
....##....###.#P.P#.##........#
....#####.# #.#P.P#.########.##
.......##.# #.#P.P#....# #.#
.......##.# #.#P.P#.##.# #.#
.......##.# #.#..P####.#####.#
##.....##.# #.#P.P#..........#
#.....##.# #.#P.P#.##.########
#.....##.###.#...#.##.# #....#


There were no monsters in sight!

Vanquished Creatures
  4 dread liches
  4 orbs of fire
  6 ancient liches
  Mara (Snake:4)
  2 juggernauts
  Sojobo (Vaults:3)
  7 Killer Klowns (Zot:5)
  3 curse toes
  8 golden dragons
  A caustic shrike (Depths:2)
  Nikola (Snake:4)
  A Tzitzimitl (D:11)
  A Brimstone Fiend (D:4)
  Jorgrun (Elf:2)
  4 electric golems
  9 tentacled monstrosities
  Mlioglotl (Shoals:2)
  22 Orb Guardians (Zot:5)
  8 quicksilver dragons
  7 liches
  A deep elf master archer (Elf:3)
  A walking divine tome (Depths:2)
  2 deep elf blademasters
  Asterion (Elf:1)
  5 titans
  Frances (D:13)
  3 krakens
  An Executioner (Depths:1)
  6 sphinxes
  9 death cobs
  7 draconian monks
  4 tengu reavers
  18 storm dragons
  12 shadow dragons
  5 nagarajas (Snake:4)
  A fenstrider witch (Shoals:1)
  5 draconian knights
  12 frost giants
  5 fire giants
  Ilsuiw (Shoals:2)
  An emperor scorpion (Zot:5)
  5 deep elf sorcerers
  7 draconian scorchers
  2 imperial myrmidons (Desolation)
  16 vault wardens
  A deep elf elementalist (Elf:3)
  A ghost moth (Zot:4)
  A curse skull (Zot:2)
  Aizul (Vaults:3)
  A spriggan defender (Depths:4)
  A balrug (Depths:1)
  An angel (D:12)
  3 draconian shifters
  2 draconian annihilators
  4 draconian stormcallers
  2 reapers
  18 ironbound preservers
  3 war gargoyles
  A juggernaut skeleton (Depths:1)
  An orc warlord (Orc:2)
  5 ironbound thunderhulks
  7 vampire knights
  12 stone giants
  21 very ugly things
  12 green draconians
  10 deep elf demonologists
  Azrael (Orc:2)
  An orange crystal statue (WizLab)
  12 red draconians
  Nessos (Lair:4)
  12 black draconians
  14 dire elephants
  10 purple draconians
  The ghost of Zyoritecu the Eclecticist, a journeyman DgEE (Orc:1)
  11 yellow draconians
  3 minotaurs
  6 deep elf annihilators
  9 spark wasps
  11 white draconians
  An ettin (shapeshifter) (Vaults:5)
  An iron golem (Depths:3)
  7 merfolk javelineers
  14 ettins
  10 deep elf death magi
  2 blizzard demons
  4 crystal guardians
  9 great orbs of eyes
  4 deep elf high priests
  10 merfolk impalers
  3 entropy weavers
  3 fire dragons
  13 yaktaur captains
  3 ragged hierophants (Desolation)
  5 servants of whispers (Desolation)
  8 salamander tyrants
  Erolcha (Orc:2)
  4 catoblepae
  2 hell beasts
  9 ice dragons
  36 vault guards
  3 hydras
  9 peacekeepers
  4 ogre magi
  2 spriggan air magi
  13 anacondas
  16 ironbound frosthearts
  Erica (Lair:2)
  23 centaur warriors
  4 rakshasas
  4 boulder beetles
  7 two-headed ogres
  5 alligator snapping turtles
  4 merfolk avatars
  26 dancing weapons
  9 death yaks
  A two-headed ogre (shapeshifter) (Elf:3)
  2 merfolk aquamancers
  5 deep troll shamans
  4 satyrs
  2 deep troll earth magi (Depths:3)
  2 hell hogs
  15 naga warriors
  10 naga sharpshooters
  9 orc high priests
  5 tengu warriors
  A vampire mage (Depths:2)
  7 hell knights
  A spriggan berserker (Depths:2)
  12 shock serpents
  4 spriggans
  A shock serpent (shapeshifter) (Vaults:5)
  5 sun demons
  14 deep elf knights
  3 soul eaters
  15 skeletal warriors
  2 iron trolls
  2 fire crabs
  A goliath frog (Depths:4)
  A death drake (Shoals:2)
  A fire crab (shapeshifter) (Vaults:5)
  2 shadow demons (Depths:1)
  11 sea snakes
  5 salamander mystics
  A sixfirhy (D:14)
  5 skysharks
  54 deep trolls
  22 ironbound convokers
  21 deep elf pyromancers
  9 wizards
  9 deep elf archers
  A glowing orange brain (Vaults:1)
  10 naga ritualists
  An obsidian statue (Zot:2)
  19 lindwurms
  8 phantasmal warriors
  5 necromancers
  9 orc knights
  25 deep elf zephyrmancers
  6 oklob plants
  14 harpies
  2 tengu skeletons
  16 mana vipers
  An iron dragon zombie (Depths:1)
  A lindwurm (shapeshifter) (Vaults:4)
  A manticore (shapeshifter) (Vaults:4)
  3 shining eyes
  9 orc sorcerers
  16 fauns
  A wolf spider (Gauntlet)
  37 ugly things
  32 salamanders
  8 cyclopes
  2 elephants (Lair:5)
  18 moths of wrath
  14 manticores
  A water nymph (shapeshifter) (Vaults:5)
  11 merfolk sirens
  27 naga magi
  55 black mambas
  A fire giant skeleton (Vaults:3)
  An elephant (shapeshifter) (Vaults:5)
  2 molten gargoyles
  2 orange demons
  A black mamba (shapeshifter) (D:15)
  20 vault sentinels
  7 guardian serpents
  2 apocalypse crabs (Depths:1)
  An eye of devastation (Depths:4)
  3 frost giant skeletons
  A torpor snail (Lair:3)
  13 cane toads
  3 gargoyles
  6 water nymphs
  A torpor snail (shapeshifter) (D:15)
  A demonic crawler (Depths:1)
  3 hellions
  2 smoke demons
  A kobold demonologist (D:11)
  An elf skeleton (Vaults:3)
  19 yaktaurs
  4 ice devils
  5 komodo dragons
  3 unseen horrors
  6 rime drakes
  2 efreet
  2 tormentors
  5 human skeletons (Vaults:3)
  24 merfolk
  8 trolls
  11 polar bears
  2 red devils
  A tarantella (Vaults:1)
  A hellwing (Depths:2)
  6 wind drakes
  6 hornets
  A hornet (shapeshifter) (Elf:1)
  A tarantella (shapeshifter) (D:13)
  2 blink frogs
  A blink frog (shapeshifter) (D:13)
  36 saltlings (Desolation)
  2 raiju (Lair:5)
  18 dream sheep
  A jumping spider (Lair:5)
  6 snapping turtles
  15 water elementals
  3 wraiths
  A culicivora (Vaults:1)
  14 slime creatures
  2 shadows
  39 yaks
  6 fire bats (Volcano)
  2 vampires
  4 wyverns
  Grum (D:10)
  6 fire elementals
  2 steam dragons (Volcano)
  A hog (Snake:3)
  8 redbacks
  A neqoxec (Depths:2)
  3 vampire mosquitoes (D:11)
  3 basilisks
  11 wargs
  3 acid dragons
  A glowing shapeshifter skeleton (Vaults:3)
  35 nagas
  15 water moccasins
  19 hell hounds
  2 floating eyes
  2 large abominations (Depths:1)
  39 orc warriors
  A sky beast (shapeshifter) (D:15)
  15 black bears
  A boggart (Depths:2)
  30 wolves
  7 ogres
  12 centaurs
  A phantom (D:6)
  A kobold brigand (D:8)
  4 gnoll sergeants
  A small abomination (Gauntlet)
  3 bullfrogs
  3 earth elementals
  5 scorpions
  5 wights (D:10)
  20 killer bees
  A howler monkey (D:8)
  7 electric eels
  A crimson imp (Gauntlet)
  7 lava snakes
  9 jellies
  7 hounds
  3 gnoll boudas
  15 orc priests
  A sleepcap (D:7)
  Jessica (D:3)
  2 iguanas (D:5)
  21 orc wizards
  A statue (D:6)
  4 lightning spires (Zot:2)
  24 gnolls
  8 adders
  3 white imps (Gauntlet)
  An ufetubus (D:5)
  3 worms
  2 dart slugs
  58 orcs
  7 endoplasms
  2 giant cockroaches (D:3)
  8 goblins
  4 hobgoblins
  2 jackals (D:4)
  A quokka (D:1)
  5 ball pythons
  8 bats
  2 frilled lizards
  10 kobolds
  7 rats
  A spectral weapon (Zot:5)
  12 tentacles
2159 creatures vanquished.

Vanquished Creatures (collateral kills)
  The ghost of Qealoh the Black Belt, an adept MeMo of Cheibriados (Depths:3)
  A draconian monk (Zot:5)
  A frost giant (Depths:4)
  2 vault wardens
  2 ironbound preservers (Vaults:2)
  A yellow draconian (Zot:1)
  A vault guard (Vaults:2)
  A naga warrior (Snake:3)
  A vampire mage (Depths:1)
  A hell knight (Depths:4)
  A shadow demon (Depths:1)
  A deep troll (Vaults:4)
  An ironbound convoker (Vaults:4)
  A lindwurm (Vaults:4)
  An ugly thing (Depths:3)
  A manticore (Shoals:4)
  A salamander (Depths:4)
  A troll (Orc:2)
  3 yaks
  A warg (Orc:2)
  A naga (Snake:3)
  4 orc warriors (Orc:2)
  A centaur (D:8)
  3 orc wizards (Orc:2)
  5 gnolls
  A white imp (D:8)
  6 orcs
45 creatures vanquished.

Vanquished Creatures (others)
  A tentacled monstrosity (D:9)
  A draconian stormcaller (Zot:5)
  A red draconian (Zot:5)
  A yellow draconian (Zot:5)
  3 dancing weapons
  2 deep elf knights (Elf:1)
  A sea snake (Shoals:4)
  A naga ritualist (Snake:2)
  A wizard (Vaults:1)
  3 deep elf zephyrmancers
  A salamander (Snake:4)
  2 moths of wrath
  An efreet (D:11)
  A merfolk (Shoals:4)
  3 yaks (D:11)
  An orc priest (Elf:1)
  An orc wizard (D:6)
  4 orcs
  19 tentacles
48 creatures vanquished.

Grand Total: 2252 creatures vanquished

Notes
Turn   | Place    | Note
-------+----------+-------------------------------------------
     0 | D:1      | Jannitor the Demonspawn Brigand began the quest for the
                  | Orb.
     0 | D:1      | Reached XP level 1. HP: 16/16 MP: 1/1
    47 | D:1      | Reached skill level 1 in Dodging
   207 | D:1      | Gained mutation: When seriously injured, your blood forms
                  | armour. (AC +0) [demonic ancestry]
   207 | D:1      | Reached XP level 2. HP: 22/22 MP: 2/2
   932 | D:2      | Gained mutation: When seriously injured, your blood forms
                  | thick armour. (AC +0) [demonic ancestry]
   932 | D:2      | Reached XP level 3. HP: 28/28 MP: 3/3
  1369 | D:2      | Found a radiant altar of Vehumet.
  1543 | D:3      | Identified the ring of Esid Rug {Fly rF++}
  1624 | D:3      | Found Viloilai's One-of-a-Kind Rings.
  1743 | D:3      | Noticed Jessica
  1759 | D:3      | Killed Jessica
  1760 | D:3      | Gained mutation: You have large cloven feet. [demonic
                  | ancestry]
  1760 | D:3      | Reached XP level 4. HP: 17/34 MP: 4/4
  2411 | D:4      | Found Rossifek's Jewellery Emporium.
  2415 | D:4      | Gained mutation: You may rarely emit foul miasma when
                  | damaged in melee. [demonic ancestry]
  2415 | D:4      | Reached XP level 5. HP: 36/40 MP: 5/5
  2634 | D:4      | Noticed a black bear
  2644 | D:4      | Killed a black bear
  2645 | D:4      | Reached skill level 3 in Fighting
  2855 | D:4      | Reached XP level 6. HP: 29/47 MP: 6/6
  3321 | D:5      | Entered Level 5 of the Dungeon
  3478 | D:5      | Identified the +1 ring mail of Prudence {rF+ rN+ Regen+
                  | Int+2}
  3609 | D:5      | Reached skill level 5 in Stealth
  3609 | D:5      | Gained mutation: You sometimes emit foul miasma when
                  | damaged in melee. [demonic ancestry]
  3609 | D:5      | Reached XP level 7. HP: 42/53 MP: 7/7
  3646 | D:5      | Reached skill level 1 in Armour
  3670 | D:5      | You are sucked into a shaft and drop 2 floors!
  3741 | D:7      | Reached skill level 4 in Fighting
  3763 | D:6      | Gained mutation: You have a pair of small horns on your
                  | head. [potion of mutation]
  3763 | D:6      | Gained mutation: You have hidden genetic potential. [potion
                  | of mutation]
  3966 | D:6      | Reached XP level 8. HP: 46/61 MP: 8/8
  4045 | D:6      | Found a staircase to the Ecumenical Temple.
  4314 | D:5      | Gained mutation: You possess an exceptional clarity of
                  | mind. [hidden potential]
  4828 | D:6      | Found a radiant altar of Vehumet.
  4913 | D:6      | Identified the amulet of Ismoipin {Spirit *Corrode *Slow
                  | +Blink +Inv}
  5056 | D:7      | Found a faded altar of an unknown god.
  5056 | D:7      | Found an iron altar of Okawaru.
  5064 | D:7      | Found a faded altar of an unknown god.
  5066 | D:7      | Found a shimmering altar of Xom.
  5068 | D:7      | Found a snail-covered altar of Cheibriados.
  5088 | D:7      | Became a worshipper of Xom of Chaos
  5291 | D:7      | XOM: silly message
  5491 | D:7      | Reached skill level 5 in Fighting
  5655 | D:7      | XOM: summons 2 hostile shadow creatures
  5663 | D:7      | Reached skill level 1 in Evocations
  5755 | D:7      | XOM: summons 2 hostile demons
  5792 | D:7      | XOM: summons 2 hostile demons
  5875 | D:7      | XOM: give mutations
  5875 | D:7      | Gained mutation: Potions are less effective at restoring
                  | your health. [Xom's mischief]
  5875 | D:7      | Gained mutation: You occasionally lose the ability to read
                  | scrolls when taking damage. [Xom's mischief]
  5875 | D:7      | Lost mutation: You possess an exceptional clarity of mind.
                  | [Xom's mischief]
  5880 | D:7      | Learned a level 2 spell: Passwall
  5884 | D:7      | Learned a level 3 spell: Swiftness
  5887 | D:7      | Learned a level 2 spell: Ensorcelled Hibernation
  5922 | D:8      | XOM: chaos upgrade
  5930 | D:8      | XOM: summons 5 hostile demons
  5931 | D:8      | Noticed a red devil
  6010 | D:8      | XOM: enchant monster (bad)
  6011 | D:8      | Found a large runed translucent door.
  6025 | D:8      | XOM: divination: magic mapping
  6030 | D:8      | Gained mutation: You have hoof-like feet. [demonic
                  | ancestry]
  6030 | D:8      | Reached XP level 9. HP: 52/68 MP: 7/9
  6053 | D:8      | Reached skill level 5 in Short Blades
  6059 | D:8      | Reached skill level 5 in Throwing
  6062 | D:8      | Reached skill level 5 in Armour
  6062 | D:8      | Gained mutation: Your system is resistant to poisons.
                  | (rPois) [hidden potential]
  6062 | D:8      | Lost mutation: You have hidden genetic potential. [hidden
                  | potential expressed]
  6158 | D:8      | XOM: give mutations
  6158 | D:8      | Gained mutation: You are resistant to electric shocks.
                  | (rElec) [Xom's grace]
  6158 | D:8      | Gained mutation: You are strong-willed. (Will+) [Xom's
                  | grace]
  6158 | D:8      | Gained mutation: You have hooves in place of feet. [Xom's
                  | grace]
  6267 | D:8      | XOM: confuse monster(s)
  6268 | D:8      | XOM: chaos upgrade
  6289 | D:8      | XOM: confuse monster(s)
  6299 | D:8      | XOM: chaos upgrade
  6321 | D:8      | XOM: smoke on damage
  6484 | D:8      | Found a transporter.
  6489 | D:8      | Noticed SharpKris's ghost (novice GnHs)
  6490 | D:8      | Found a transporter.
  6625 | D:8      | Found a large runed translucent door.
  6634 | D:8      | Found a blossoming altar of Fedhas.
  6645 | D:8      | Reached skill level 6 in Fighting
  6794 | D:9      | Noticed a two-headed ogre
  6796 | D:9      | XOM: summons 2 hostile demons
  6833 | D:9      | Reached XP level 10. HP: 47/76 MP: 5/10
  6880 | D:9      | Found a sacrificial altar of Ru.
  6880 | D:9      | XOM: 6-stop teleportation journey
  6943 | D:9      | XOM: 1-stop teleportation journey
  7053 | D:9      | Found a staircase to the Orcish Mines.
  7075 | D:9      | XOM: enchant monster (good)
  7350 | D:9      | XOM: cleaving
  7355 | D:9      | XOM: divination: detect creatures
  7357 | D:9      | XOM: scenery: create altars
  7367 | D:9      | XOM: potion effect (attraction)
  7376 | D:9      | XOM: butterfly on damage
  7377 | D:9      | Killed a two-headed ogre
  7495 | D:10     | Entered Level 10 of the Dungeon
  7527 | D:10     | Found Sajo's Armour Shoppe.
  7550 | D:10     | XOM: cast spell 'Discord'
  7599 | D:10     | Found Onuoza's Jewellery Shoppe.
  7606 | D:10     | XOM: fog
  7618 | D:10     | XOM: scenery: create altars
  7625 | D:10     | XOM: confusion
  7627 | D:10     | XOM: potion effect (attraction)
  7632 | D:10     | XOM: cast spell 'Leda's Liquefaction'
  7759 | D:10     | XOM: potion effect (haste)
  7834 | D:10     | XOM: silly message
  7902 | D:10     | XOM: noise
  7904 | D:10     | Found Vaq Niysch's Magic Scroll Boutique.
  7948 | D:10     | XOM: summons friendly quasit
  7962 | D:10     | XOM: polymorph quasit -> cerulean imp
  7964 | D:10     | XOM: summons 3 friendly demons
  7974 | D:10     | XOM: cast spell 'Alistair's Intoxication'
  7984 | D:10     | XOM: divination: magic mapping
  7999 | D:10     | XOM: polymorph cerulean imp -> quasit
  8006 | D:10     | XOM: give mutations
  8006 | D:10     | Gained mutation: Your body sometimes deteriorates upon
                  | taking damage. [Xom's mischief]
  8006 | D:10     | Gained mutation: You possess an exceptional clarity of
                  | mind. [Xom's mischief]
  8084 | D:10     | XOM: cloud trail
  8138 | D:10     | Noticed Grum
  8469 | D:10     | Reached skill level 7 in Fighting
  8478 | D:10     | Killed Grum
  8713 | D:11     | XOM: confuse monster(s)
  8749 | D:11     | Mutation became permanent: You have hoof-like feet.
                  | [demonic ancestry]
  8749 | D:11     | Gained mutation: You have hooves in place of feet. [demonic
                  | ancestry]
  8749 | D:11     | Reached XP level 11. HP: 40/84 MP: 4/11
  8818 | D:11     | Found Worral's Antique Weapon Boutique.
  8918 | D:11     | XOM: god gift: 4 stones
  9010 | D:11     | Noticed a two-headed ogre
  9018 | D:11     | Killed a two-headed ogre
  9019 | D:11     | Reached skill level 5 in Evocations
  9111 | D:11     | XOM: cleaving
  9162 | D:11     | Noticed a two-headed ogre
  9166 | D:11     | XOM: enchant monster (good)
  9167 | D:11     | XOM: scenery: create altars
  9182 | D:11     | Killed a two-headed ogre
  9511 | D:11     | Found Rocviud's Specific Store.
  9514 | D:11     | Found Alyoduif's General Store.
  9526 | D:11     | Bought a +0 cloak of stealth for 172 gold pieces
  9546 | D:11     | Found a staircase to the Lair.
  9555 | D:11     | XOM: cast spell 'Death Channel'
  9731 | D:11     | XOM: silly message
 10115 | D:12     | XOM: potion effect (might)
 10116 | D:12     | XOM: potion effect (berserk rage)
 10119 | D:12     | XOM: potion effect (haste)
 10289 | D:12     | XOM: divination: detect creatures
 10389 | D:12     | Noticed a white ugly thing
 10398 | D:12     | Killed a white ugly thing
 10409 | D:12     | XOM: give mutation
 10409 | D:12     | Gained mutation: You expend magic power (3 MP) to
                  | strengthen your wands. [Xom's grace]
 10640 | D:13     | Noticed Frances
 10640 | D:13     | Noticed a tengu warrior
 10731 | Orc:1    | Entered Level 1 of the Orcish Mines
 10752 | Orc:1    | Noticed a two-headed ogre
 10759 | Orc:1    | Killed a two-headed ogre
 10771 | Orc:1    | XOM: god gift: 3 atropa-tipped darts
 10801 | Orc:1    | XOM: silly message
 10817 | Orc:1    | Found a dark tunnel.
 10823 | Volcano  | Entered a volcano
 10958 | Volcano  | Noticed a hell hog
 10964 | Volcano  | Noticed a fire crab
 10974 | Volcano  | XOM: cast spell 'Olgreb's Toxic Radiance'
 10991 | Volcano  | Killed a hell hog
 11000 | Volcano  | Reached skill level 8 in Fighting
 11001 | Volcano  | Killed a fire crab
 11076 | Volcano  | Found a burning altar of Makhleb.
 11099 | Volcano  | Found a bloodstained altar of Trog.
 11175 | Orc:1    | Gained mutation: When seriously injured, your blood forms
                  | very thick armour. (AC +0) [demonic ancestry]
 11175 | Orc:1    | Reached XP level 12. HP: 78/92 MP: 8/12
 11233 | Orc:1    | Found a runed translucent gate.
 11233 | Orc:1    | Found a runed translucent gate.
 11234 | Orc:1    | Found a runed translucent gate.
 11237 | Orc:1    | Noticed Zyoritecu's ghost (journeyman DgEE)
 11240 | Orc:1    | Identified the amulet "Qimuvox" {Harm Regen+}
 11661 | D:11     | Bought a polished demon trident for 480 gold pieces
 11661 | D:11     | Identified the +5 demon trident "Quso" {heavy, Fly} (You
                  | bought it in a shop on level 11 of the Dungeon)
 11747 | Lair:1   | Entered Level 1 of the Lair of Beasts
 11988 | Lair:1   | XOM: silly message
 12022 | Lair:1   | Reached skill level 1 in Polearms
 12043 | Lair:1   | Noticed an eight-headed hydra
 12085 | Lair:1   | Reached skill level 1 in Shields
 12265 | Lair:1   | XOM: enchant monster (good)
 12297 | Lair:1   | XOM: summons 7 hostile demons
 12578 | Lair:1   | XOM: 1-stop teleportation journey
 12707 | Lair:1   | XOM: smoke on damage
 12710 | Lair:1   | XOM: cast spell 'Call Canine Familiar'
 12874 | Lair:2   | Noticed a seven-headed hydra
 13048 | Lair:2   | XOM: summons 1 hostile shadow creature
 13227 | Lair:2   | Noticed a death yak
 13227 | Lair:2   | Noticed a death yak
 13228 | Lair:2   | Noticed a death yak
 13229 | Lair:2   | Noticed a death yak
 13230 | Lair:2   | XOM: divination: magic mapping
 13230 | Lair:2   | Noticed a death yak
 13234 | Lair:2   | XOM: cast spell 'Call Canine Familiar'
 13240 | Lair:2   | Noticed Erica
 13245 | Lair:3   | XOM: silly message
 13246 | Lair:3   | XOM: confuse monster(s)
 13248 | Lair:3   | Killed a death yak
 13305 | Lair:3   | XOM: cast spell 'Call Canine Familiar'
 13306 | Lair:3   | Noticed a catoblepas
 13309 | Lair:3   | Noticed a seven-headed hydra
 13317 | Lair:3   | XOM: divination: magic mapping
 13344 | Lair:3   | Killed a catoblepas
 13345 | Lair:3   | Reached skill level 9 in Fighting
 13353 | Lair:3   | Killed a seven-headed hydra
 13354 | Lair:3   | Reached skill level 5 in Polearms
 13374 | Lair:3   | Found a gate leading to a gauntlet.
 13417 | Gauntlet | Entered a Gauntlet
 13417 | Gauntlet | Found a transporter.
 13425 | Gauntlet | Found a transporter.
 13429 | Gauntlet | Found a transporter.
 13437 | Gauntlet | Found a transporter.
 13441 | Gauntlet | Found a transporter.
 13452 | Gauntlet | Found a transporter.
 13453 | Gauntlet | Found a transporter.
 13461 | Gauntlet | Found a transporter.
 13465 | Gauntlet | Found a transporter.
 13469 | Gauntlet | Noticed an entropy weaver
 13472 | Gauntlet | Found a runed translucent door.
 13475 | Gauntlet | Found a transporter.
 13505 | Gauntlet | Found a transporter.
 13517 | Gauntlet | Found a transporter.
 13530 | Gauntlet | Found a transporter.
 13543 | Gauntlet | Found a transporter.
 13673 | Gauntlet | XOM: scenery: create altars
 13674 | Gauntlet | XOM: divination: magic mapping
 13676 | Gauntlet | XOM: polymorph ice beast -> swamp drake
 13679 | Gauntlet | XOM: fake destruction
 13679 | Gauntlet | XOM: butterfly on damage
 13900 | Gauntlet | XOM: summons 7 hostile demons
 14033 | Gauntlet | Killed an entropy weaver
 14033 | Gauntlet | XOM: swap monsters
 14075 | Gauntlet | Noticed a minotaur
 14075 | Gauntlet | XOM: destruction
 14080 | Gauntlet | XOM: noise
 14083 | Gauntlet | Killed a minotaur
 14089 | Gauntlet | Identified the +10 chain mail "Osuim" {rC+ Dex+2}
 14090 | Gauntlet | Got Ytofiaph's Codex of the Sixfirhy
 14240 | Lair:3   | XOM: give mutations
 14240 | Lair:3   | Lost mutation: You have a pair of small horns on your head.
                  | [Xom's mischief]
 14240 | Lair:3   | Gained mutation: Your magical capacity is low. (-10% MP)
                  | [Xom's mischief]
 14240 | Lair:3   | Gained mutation: Your mind is acute. (Int +4, Str/Dex -1)
                  | [Xom's mischief]
 14240 | Lair:3   | Lost mutation: You occasionally lose the ability to read
                  | scrolls when taking damage. [Xom's mischief]
 14302 | Lair:3   | XOM: noise
 14329 | Lair:3   | XOM: polymorph yak -> fire crab
 14330 | Lair:3   | XOM: summons 4 hostile shadow creatures
 14331 | Lair:3   | Gained mutation: You sometimes gain a little power by
                  | taking damage. [demonic ancestry]
 14331 | Lair:3   | Reached XP level 13. HP: 75/101 MP: 11/11
 14360 | Lair:2   | XOM: summons friendly white imp
 14363 | Lair:2   | XOM: fake destruction
 14372 | Lair:2   | XOM: summons friendly white imp
 14373 | Lair:2   | XOM: cleaving
 14403 | Lair:2   | XOM: 1-stop teleportation journey
 14554 | Lair:2   | XOM: silly message
 14590 | Lair:2   | Killed Erica
 14615 | Lair:2   | XOM: 5-stop teleportation journey
 14623 | Lair:2   | XOM: confuse monster(s)
 14650 | Lair:2   | Reached skill level 5 in Shields
 14661 | Lair:2   | XOM: silly message
 14731 | Lair:2   | Reached skill level 10 in Fighting
 14835 | Lair:2   | XOM: potion effect (berserk rage)
 14837 | Lair:2   | XOM: noise
 14947 | Lair:2   | XOM: divination: detect items
 15078 | Lair:2   | Found a staircase to the Snake Pit.
 15081 | Lair:2   | XOM: potion effect (invisibility)
 15191 | Lair:3   | Found a staircase to the Shoals.
 15303 | Lair:3   | XOM: divination: detect items
 15304 | Lair:3   | XOM: silly message
 15601 | Lair:3   | XOM: noise
 15945 | Lair:3   | XOM: divine lightning
 15999 | Lair:3   | Got the Anthology of Apparitions and Ozone
 16241 | Lair:3   | XOM: god gift: trident {god gift}
 16322 | Lair:3   | XOM: god gift: ring mail {god gift}
 16669 | Lair:4   | XOM: give mutation
 16669 | Lair:4   | Lost mutation: You possess an exceptional clarity of mind.
                  | [Xom's mischief]
 16746 | Lair:4   | Reached skill level 10 in Armour
 16915 | Lair:4   | Found a viscous altar of Jiyva.
 16916 | Lair:4   | XOM: fog
 16920 | Lair:4   | Found a staircase to the Slime Pits.
 17165 | Lair:4   | XOM: give mutations
 17165 | Lair:4   | Gained mutation: You have a pair of small antennae on your
                  | head. [Xom's grace]
 17165 | Lair:4   | Gained mutation: You are agile. (Dex +4, Str/Int -1) [Xom's
                  | grace]
 17235 | Lair:4   | Noticed Nessos
 17238 | Lair:4   | XOM: swap monsters
 17244 | Lair:4   | Killed Nessos
 17308 | Lair:4   | XOM: summons 3 hostile demons
 17382 | Lair:4   | Identified the amulet "Kemoilur" {Acrobat Contam +Inv Will+
                  | Str+6} (Xom gifted it to you on level 4 of the Lair of
                  | Beasts)
 17382 | Lair:4   | XOM: god gift: amulet "Kemoilur" {Acrobat Contam +Inv Will+
                  | Str+6}
 17594 | Lair:5   | Entered Level 5 of the Lair of Beasts
 17618 | Lair:5   | XOM: confuse monster(s)
 17938 | Lair:5   | XOM: polymorph yak -> jumping spider
 17940 | Lair:5   | XOM: summons friendly iron imp
 17953 | Lair:5   | XOM: confuse monster(s)
 18060 | Lair:5   | XOM: cleaving
 18066 | Lair:5   | XOM: 2-stop teleportation journey
 18067 | Lair:5   | Reached XP level 14. HP: 93/111 MP: 12/12
 18153 | Lair:5   | XOM: blink monster(s)
 18158 | Lair:5   | XOM: potion effect (berserk rage)
 18303 | Lair:5   | XOM: cast spell 'Leda's Liquefaction'
 18387 | Lair:5   | Reached skill level 11 in Fighting
 18437 | Lair:5   | XOM: divination: detect creatures
 18445 | Lair:5   | XOM: cast spell 'Summon Small Mammal'
 18460 | Lair:5   | XOM: silly message
 18465 | Lair:5   | XOM: divination: detect creatures
 18468 | Lair:5   | XOM: god gift: wand of charming (4)
 18532 | Lair:5   | Reached skill level 10 in Polearms
 18534 | Lair:5   | XOM: scenery: summon butterflies
 19070 | Lair:5   | XOM: cast spell 'Cause Fear'
 19269 | Lair:5   | XOM: cloud trail
 19618 | Orc:1    | XOM: scenery: summon butterflies
 19650 | Orc:1    | Found a shimmering altar of Xom.
 19817 | Orc:1    | XOM: fake destruction
 19819 | Orc:1    | XOM: summons friendly quasit
 19867 | Orc:1    | Killed Zyoritecu's ghost
 20055 | Orc:1    | XOM: scenery: 3 doors close
 20070 | Orc:1    | Identified the +0 pair of boots of Igel {rCorr Int+3
                  | Stlth-}
 20156 | Orc:2    | Entered Level 2 of the Orcish Mines
 20171 | Orc:2    | XOM: cast spell 'Summon Dragon'
 20207 | Orc:2    | XOM: fog
 20211 | Orc:2    | Noticed an orc warlord
 20357 | Orc:2    | XOM: divination: detect items
 20402 | Orc:2    | Found Ychosim's Jewellery Boutique.
 20585 | Orc:2    | XOM: polymorph orc knight -> salamander
 20587 | Orc:2    | Found Omoy's Antique Armour Boutique.
 20592 | Orc:2    | XOM: divine lightning
 20603 | Orc:2    | Reached skill level 12 in Fighting
 20603 | Orc:2    | Reached XP level 15. HP: 118/118 MP: 13/13
 20621 | Orc:2    | Bought the +4 Cigotuvi's embrace {Corpsefed rMiasma Drain
                  | rN+} for 855 gold pieces
 20621 | Orc:2    | Found the +4 Cigotuvi's embrace {Corpsefed rMiasma Drain
                  | rN+}
 20719 | Orc:2    | XOM: summons 2 friendly demons
 21017 | Orc:2    | Noticed Azrael
 21019 | Orc:2    | Noticed Erolcha
 21020 | Orc:2    | XOM: summons friendly hellwing
 21023 | Orc:2    | XOM: polymorph hellwing -> rust devil
 21054 | Orc:2    | XOM: give mutation
 21054 | Orc:2    | Gained mutation: You are covered in fur. (AC +1) [Xom's
                  | grace]
 21071 | Orc:2    | Reached XP level 16. HP: 126/127 MP: 14/14
 21101 | Orc:2    | Found Binatu Ites's Antique Weapon Shop.
 21189 | Orc:2    | XOM: cloud trail
 21233 | Orc:2    | Found Piesosoq's General Store.
 21281 | Orc:2    | Killed Erolcha
 21372 | Orc:2    | XOM: confuse monster(s)
 21377 | Orc:2    | XOM: divination: magic mapping
 21382 | Orc:2    | Killed Azrael
 21530 | Orc:2    | Bought a potion of heal wounds for 80 gold pieces
 21560 | Orc:2    | Found a staircase to the Elven Halls.
 21792 | D:11     | XOM: destruction
 21799 | D:11     | XOM: confuse monster(s)
 22174 | D:11     | XOM: divination: detect items
 22395 | D:11     | XOM: give mutations
 22395 | D:11     | Gained mutation: You passively map a small area around you.
                  | [Xom's grace]
 22395 | D:11     | Gained mutation: Your flesh is heat resistant. (rF+) [Xom's
                  | grace]
 22395 | D:11     | Gained mutation: Your flesh is cold resistant. (rC+) [Xom's
                  | grace]
 22769 | D:13     | XOM: cloud trail
 22807 | D:13     | Reached skill level 5 in Dodging
 22843 | D:13     | XOM: 3-stop teleportation journey
 22861 | D:13     | XOM: destruction
 22982 | D:12     | XOM: scenery: summon butterflies
 23043 | D:13     | XOM: cleaving
 23070 | D:13     | XOM: fog
 23076 | D:13     | Killed Frances
 23187 | D:13     | Got the Handbook of Sandy Peregrination
 23235 | D:13     | Found a gate to the Vaults.
 23667 | D:13     | Found Akiacs's Changing Room.
 23796 | D:14     | XOM: cleaving
 24012 | D:14     | XOM: summons 16 friendly demons
 24013 | D:15     | Entered Level 15 of the Dungeon
 24178 | D:14     | XOM: potion effect (berserk rage)
 24179 | D:14     | XOM: polymorph centaur -> worm
 24192 | D:14     | XOM: enchant monster (good)
 24288 | D:14     | Identified the +4 spear of Xipryvoj {drain, Str+3}
 24701 | D:15     | XOM: silly message
 24793 | D:15     | XOM: divination: magic mapping
 24801 | D:15     | XOM: potion effect (invisibility)
 24928 | D:15     | XOM: divination: detect items
 24994 | D:15     | XOM: summons 4 hostile demons
 25189 | D:15     | XOM: draining
 25190 | D:15     | Reached skill level 13 in Fighting
 25319 | D:15     | XOM: draining
 25686 | D:15     | XOM: give mutations
 25686 | D:15     | Lost mutation: You are agile. (Dex +4, Str/Int -1) [Xom's
                  | mischief]
 25686 | D:15     | Lost mutation: Your mind is acute. (Int +4, Str/Dex -1)
                  | [Xom's mischief]
 25733 | D:15     | Found a staircase to the Depths.
 25773 | D:15     | XOM: enchant monster (good)
 25901 | D:15     | XOM: 10-stop teleportation journey
 25903 | D:15     | XOM: divination: detect items
 25949 | D:15     | Found a stormy altar of Qazlal.
 26335 | Shoals:1 | Entered Level 1 of the Shoals
 26804 | Shoals:1 | XOM: summons friendly crimson imp
 26927 | Lair:3   | XOM: noise
 27106 | Shoals:1 | XOM: potion effect (brilliance)
 27106 | Shoals:1 | XOM: smoke on damage
 27107 | Shoals:1 | XOM: silly message
 27108 | Lair:3   | XOM: cast spell 'Olgreb's Toxic Radiance'
 27174 | Snake:1  | Entered Level 1 of the Snake Pit
 27355 | Snake:1  | Gained mutation: You sometimes gain power by taking damage.
                  | [demonic ancestry]
 27355 | Snake:1  | Reached XP level 17. HP: 105/137 MP: 15/15
 27367 | Snake:1  | XOM: noise
 27385 | Snake:1  | XOM: divination: magic mapping
 27652 | Snake:1  | XOM: noise
 27802 | Snake:1  | XOM: silly message
 27840 | Snake:1  | XOM: confuse monster(s)
 28313 | Snake:1  | Found a stormy altar of Qazlal.
 28420 | Snake:1  | Reached skill level 10 in Shields
 28658 | Snake:1  | XOM: scenery: summon butterflies
 28694 | Snake:1  | XOM: give mutations
 28694 | Snake:1  | Lost mutation: Potions are less effective at restoring your
                  | health. [Xom's mischief]
 28694 | Snake:1  | Lost mutation: Your body sometimes deteriorates upon taking
                  | damage. [Xom's mischief]
 28756 | Snake:1  | XOM: give mutation
 28756 | Snake:1  | Gained mutation: Your body sometimes deteriorates upon
                  | taking damage. [Xom's mischief]
 28922 | Snake:1  | XOM: scenery: summon butterflies
 29081 | Snake:1  | XOM: divination: detect items
 29488 | Shoals:1 | XOM: polymorph merfolk -> lindwurm
 29579 | Shoals:1 | XOM: scenery: summon butterflies
 29739 | Shoals:1 | XOM: give mutations
 29739 | Shoals:1 | Gained mutation: Your muscles are strong. (Str +4, Int/Dex
                  | -1) [Xom's grace]
 29739 | Shoals:1 | Gained mutation: You possess an exceptional clarity of
                  | mind. [Xom's grace]
 29746 | Shoals:1 | Identified the +1 war axe "Hifaruep" {spect, +Blink}
 29748 | Shoals:1 | XOM: divination: magic mapping
 29760 | Shoals:1 | XOM: give mutations
 29760 | Shoals:1 | Lost mutation: You have a pair of small antennae on your
                  | head. [Xom's mischief]
 29760 | Shoals:1 | Lost mutation: Your muscles are strong. (Str +4, Int/Dex
                  | -1) [Xom's mischief]
 29760 | Shoals:1 | Lost mutation: You passively map a small area around you.
                  | [Xom's mischief]
 29803 | Shoals:1 | XOM: draining
 29910 | Shoals:1 | XOM: cast spell 'Call Canine Familiar'
 29914 | Shoals:1 | XOM: cast spell 'Summon Ice Beast'
 30307 | Shoals:1 | Found Lemoa's Assorted Antiques.
 30323 | Shoals:1 | Found Waluhoth's Mass Market.
 30546 | Shoals:1 | XOM: potion effect (attraction)
 30598 | Shoals:1 | XOM: divination: detect creatures
 30738 | Shoals:1 | XOM: give mutations
 30738 | Shoals:1 | Gained mutation: You have sharp fingernails. [Xom's grace]
 30738 | Shoals:1 | Gained mutation: You are covered in thick fur. (AC +2)
                  | [Xom's grace]
 30753 | Shoals:2 | XOM: summons friendly white imp
 30791 | Shoals:2 | XOM: summons 5 friendly demons
 30996 | Shoals:2 | XOM: god gift: potion of attraction
 31083 | Shoals:2 | XOM: cloud trail
 31107 | Shoals:2 | XOM: noise
 31122 | Shoals:2 | Noticed Ilsuiw
 31146 | Shoals:2 | XOM: swap monsters
 31149 | Shoals:2 | XOM: fog
 31401 | Shoals:2 | XOM is BORED!
 31401 | Shoals:2 | XOM: give mutations
 31401 | Shoals:2 | Lost mutation: Your flesh is cold resistant. (rC+) [Xom's
                  | mischief]
 31401 | Shoals:2 | Lost mutation: Your body sometimes deteriorates upon taking
                  | damage. [Xom's mischief]
 31401 | Shoals:2 | Lost mutation: Your flesh is heat resistant. (rF+) [Xom's
                  | mischief]
 31623 | Shoals:2 | Noticed Mlioglotl
 31627 | Shoals:2 | XOM: swap monsters
 31645 | Shoals:2 | Reached skill level 14 in Fighting
 31645 | Shoals:2 | Reached skill level 10 in Dodging
 31656 | Shoals:2 | XOM: polymorph merfolk siren -> death drake
 31847 | Shoals:2 | XOM: blink monster(s)
 31854 | Shoals:2 | Killed Mlioglotl
 31867 | Shoals:2 | XOM: summons 13 friendly demons
 31880 | Shoals:2 | Identified the +1 animal skin "Cunyerchoxo" {rN+ Will-
                  | Slay+2 Stlth+}
 32019 | Shoals:2 | Killed Ilsuiw
 32047 | Shoals:2 | XOM: summons 9 hostile demons
 32064 | Shoals:2 | Identified the +3 robe of the Arcane {rPois MP+9 Int+4
                  | Stlth+}
 32323 | Shoals:2 | Found Ozozxy's Armour Shop.
 32617 | Shoals:1 | Bought a scroll labelled DAUV TIDONIW for 29 gold pieces
 32617 | Shoals:1 | Bought a potion of curing for 87 gold pieces
 32617 | Shoals:1 | Acquired 1054 gold pieces
 32873 | Orc:2    | Bought the ring "Bewkij" {Fly rF++ Dex+3 Slay+4} for 1721
                  | gold pieces
 33142 | Shoals:3 | XOM: draining
 33149 | Shoals:3 | XOM: stat loss: -1 Int (14/15)
 33195 | Shoals:3 | XOM: fog
 33199 | Shoals:3 | XOM: divine lightning
 33351 | Shoals:3 | Noticed a kraken
 33372 | Shoals:3 | Killed a kraken
 33445 | Shoals:3 | XOM: divination: magic mapping
 33513 | Shoals:3 | XOM: enchant monster (good)
 33547 | Shoals:3 | XOM: 1-stop teleportation journey
 33564 | Shoals:3 | Found a runed translucent door.
 33857 | Shoals:3 | XOM: scenery: summon butterflies
 34120 | Shoals:3 | XOM: god gift: ring of ice
 34214 | Shoals:3 | XOM: divination: magic mapping
 34383 | Shoals:3 | Identified the +0 hand axe of the Fresh God {venom, MP+9
                  | Str+2}
 34398 | Shoals:3 | Gained mutation: You are powered by pain. [demonic
                  | ancestry]
 34398 | Shoals:3 | Reached XP level 18. HP: 101/147 MP: 16/16
 34635 | Shoals:4 | Entered Level 4 of the Shoals
 34640 | Shoals:4 | Acquired 753 gold pieces
 34813 | Shoals:3 | XOM: divination: detect creatures
 35048 | Shoals:4 | XOM: 2-stop teleportation journey
 35063 | Shoals:4 | XOM: chaos upgrade
 35073 | Shoals:4 | XOM: cast spell 'Chain of Chaos'
 35098 | Shoals:4 | XOM: noise
 35121 | Shoals:4 | XOM: enchant monster (good)
 35554 | Shoals:4 | Identified the +2 chain mail "Xonuyc" {Stlth+}
 35733 | Shoals:4 | XOM: 2-stop teleportation journey
 35803 | Shoals:4 | XOM: confuse monster(s)
 35818 | Shoals:4 | XOM: scenery: summon butterflies
 35879 | Shoals:4 | XOM: divine lightning
 35880 | Shoals:4 | XOM: god gift: +0 buckler of cold resistance
 35966 | Shoals:4 | XOM: god gift: scimitar {god gift}
 36281 | Shoals:4 | XOM: swap monsters
 36283 | Shoals:4 | XOM: chaos upgrade
 36305 | Shoals:4 | XOM: polymorph butterfly -> gnoll
 36510 | Shoals:4 | XOM is BORED!
 36510 | Shoals:4 | XOM: summons 1 hostile demon
 36571 | Shoals:4 | Identified the +0 leather armour "Xiboegone" {Rampage rF+++
                  | Will- Regen+}
 36602 | Shoals:4 | Reached skill level 15 in Fighting
 36608 | Shoals:4 | Got a barnacled rune of Zot
 36760 | Shoals:4 | XOM: cleaving
 37191 | Shoals:1 | XOM: silly message
 37724 | Snake:2  | XOM: summons friendly crimson imp
 37726 | Snake:2  | XOM: 3-stop teleportation journey
 37817 | Snake:2  | Identified the +8 chain mail "Cikajedd" {Harm}
 37847 | Snake:2  | Identified the +1 scale mail "Wufeagh" {rN+ Dex+3}
 37883 | Snake:2  | XOM: stat loss: -1 Dex (19/20)
 37907 | Snake:2  | XOM: polymorph naga mage -> wind drake
 37971 | Snake:2  | XOM: summons 6 hostile demons
 38017 | Snake:2  | XOM: scenery: summon butterflies
 38293 | Snake:2  | XOM: divination: detect creatures
 38398 | Snake:2  | XOM: 11-stop teleportation journey
 38509 | Snake:2  | XOM: 6-stop teleportation journey
 38648 | Snake:2  | XOM: god gift: 6 stones
 38859 | Snake:3  | XOM: silly message
 38868 | Snake:3  | XOM: god gift: sling {god gift}
 38967 | Snake:3  | XOM: polymorph naga -> hog
 39433 | Snake:3  | XOM: divination: detect creatures
 39453 | Snake:3  | XOM: cast spell 'Summon Cactus Giant'
 39467 | Snake:3  | Reached XP level 19. HP: 68/156 MP: 17/17
 39802 | Snake:3  | XOM: enchant monster (good)
 40017 | Snake:3  | XOM: scenery: summon butterflies
 40028 | Snake:3  | XOM: scenery: summon butterflies
 40256 | Snake:4  | Entered Level 4 of the Snake Pit
 40265 | Snake:4  | XOM: 5-stop teleportation journey
 40266 | Snake:4  | Found Jatas's Antique Armour Shoppe.
 40266 | Snake:4  | Noticed Mara
 40269 | Snake:4  | XOM: enchant monster (good)
 40282 | Snake:4  | XOM: 2-stop teleportation journey
 40451 | Snake:4  | Found Byfo's General Store.
 40464 | Snake:4  | Bought a shiny helmet for 262 gold pieces
 40515 | Snake:4  | XOM: confuse monster(s)
 40527 | Snake:4  | Killed Mara
 40862 | Snake:4  | Reached skill level 16 in Fighting
 40939 | Snake:4  | XOM: summons 4 friendly demons
 40960 | Snake:4  | XOM: confuse monster(s)
 41226 | Snake:4  | XOM: swap monsters
 41230 | Snake:4  | XOM: draining
 41248 | Snake:4  | XOM: summons 6 hostile demons
 41533 | Snake:4  | XOM: enchant monster (bad)
 41701 | Snake:4  | Got a serpentine rune of Zot
 41718 | Snake:4  | XOM: smoke on damage
 41923 | Snake:4  | Reached skill level 15 in Dodging
 42103 | Snake:4  | XOM: chaos upgrade
 42323 | Snake:4  | Noticed Nikola
 42333 | Snake:4  | Killed Nikola
 42341 | Snake:4  | XOM: summons 1 hostile demon
 42616 | Vaults:1 | Entered Level 1 of the Vaults
 42653 | Vaults:1 | XOM: smoke on damage
 42757 | Vaults:1 | XOM: summons 5 hostile demons
 42866 | Vaults:1 | XOM: 1-stop teleportation journey
 43083 | Vaults:1 | XOM: silly message
 43085 | Vaults:1 | XOM: divination: detect items
 43123 | Vaults:1 | Found Yceiluel's Weapon Emporium.
 43123 | Vaults:1 | Found Ruge's Assorted Antiques.
 43123 | Vaults:1 | XOM: 4-stop teleportation journey
 43391 | Vaults:1 | Found Uliuwe's Armour Boutique.
 43421 | Vaults:1 | Found Ewko's Antique Weapon Boutique.
 43489 | Vaults:1 | XOM: potion effect (haste)
 43498 | Vaults:1 | Bought a potion of curing for 87 gold pieces
 43498 | Vaults:1 | Bought a potion of curing for 87 gold pieces
 43658 | Vaults:1 | Found Ufyguuh's Armour Emporium.
 43787 | Vaults:1 | XOM: summons 10 hostile demons
 43918 | Vaults:1 | XOM is BORED!
 44026 | Vaults:1 | XOM: give mutation
 44026 | Vaults:1 | Lost mutation: You are strong-willed. (Will+) [Xom's
                  | mischief]
 44129 | Vaults:2 | XOM: god gift: 2 stones
 44270 | Vaults:2 | Reached XP level 20. HP: 166/166 MP: 18/18
 44280 | Vaults:2 | Found Ylalomoh's Assorted Antiques.
 44327 | Vaults:2 | XOM: summons 13 friendly demons
 44376 | Vaults:2 | XOM: divination: detect creatures
 44487 | Vaults:2 | Found Nyttu's Magic Scroll Emporium.
 44532 | Vaults:2 | XOM: fog
 44534 | Vaults:2 | XOM: scenery: 1 doors close
 44700 | Vaults:2 | Found Luusmysmio's Antique Weapon Shoppe.
 44737 | Vaults:2 | Identified the ring "Ahatz" {Ice +Blink rElec rPois Dex+2}
 44738 | Vaults:2 | XOM: cleaving
 44744 | Vaults:2 | Reached skill level 17 in Fighting
 44749 | Vaults:2 | Identified the +6 mace "Nuffain" {flame, rC+}
 44749 | Vaults:2 | Identified the ring of the Baleful Fig {Wiz rCorr MP-9
                  | Str+6}
 44834 | Vaults:2 | XOM: polymorph sphinx -> frost giant
 45076 | Vaults:2 | XOM: enchant monster (bad)
 45396 | Vaults:2 | XOM: noise
 45620 | Vaults:3 | XOM: potion effect (brilliance)
 45634 | Vaults:3 | XOM: 1-stop teleportation journey
 45766 | Vaults:3 | XOM: summons 1 hostile shadow creature
 45769 | Vaults:3 | XOM: cleaving
 45771 | Vaults:3 | XOM: stat loss: -1 Str (24/25)
 45812 | Vaults:3 | XOM: silly message
 45920 | Vaults:3 | XOM: chaos cloud
 45942 | Vaults:3 | XOM: god gift: +1 chain mail of willpower
 46064 | Vaults:3 | XOM: divination: magic mapping
 46078 | Vaults:3 | XOM: smoke on damage
 46079 | Vaults:3 | XOM: summons friendly white imp
 46089 | Vaults:3 | XOM: silly message
 46106 | Vaults:3 | XOM: 1-stop teleportation journey
 46591 | Vaults:3 | XOM is BORED!
 46591 | Vaults:3 | XOM: noise
 46697 | Vaults:3 | Noticed Sojobo
 46800 | Vaults:3 | XOM: noise
 46869 | Vaults:3 | XOM: enchant monster (good)
 46904 | Vaults:3 | Reached XP level 21. HP: 164/176 MP: 18/18
 46906 | Vaults:3 | XOM: potion effect (berserk rage)
 46909 | Vaults:3 | XOM: potion effect (might)
 46909 | Vaults:3 | Paralysed by an air elemental for 1 turns
 46917 | Vaults:3 | Killed Sojobo
 46943 | Vaults:3 | XOM: 2-stop teleportation journey
 46964 | Vaults:3 | Reached skill level 15 in Shields
 47110 | Vaults:3 | Reached skill level 18 in Fighting
 47261 | Vaults:3 | Noticed Aizul
 47281 | Vaults:3 | Killed Aizul
 47339 | Vaults:3 | XOM: silly message
 47703 | Vaults:3 | XOM: noise
 48014 | Vaults:3 | Found a staircase to the Crypt.
 48377 | Vaults:4 | XOM: cast spell 'Cause Fear'
 48719 | Vaults:4 | XOM: polymorph satyr -> glowing shapeshifter
 48736 | Vaults:4 | XOM: destruction
 49053 | Vaults:4 | XOM: cleaving
 49176 | Vaults:4 | XOM: summons 6 friendly demons
 49189 | Vaults:4 | XOM: polymorph ice devil -> rust devil
 49483 | Vaults:4 | Found Xuumae's Book Shoppe.
 49483 | Vaults:4 | Found Plog's Magic Scroll Shoppe.
 49505 | Vaults:4 | Found Unwior's Antique Armour Shoppe.
 49638 | Vaults:4 | XOM: divination: detect creatures
 50101 | Vaults:4 | XOM: cloud trail
 50424 | D:12     | XOM: give mutations
 50424 | D:12     | Gained mutation: Your thick and shaggy fur keeps you warm.
                  | (AC +3, rC+) [Xom's grace]
 50424 | D:12     | Gained mutation: You are agile. (Dex +4, Str/Int -1) [Xom's
                  | grace]
 50424 | D:12     | Gained mutation: You are robust. (+10% HP) [Xom's grace]
 50552 | Orc:2    | Bought the ring of the Hare {EV+10} for 2048 gold pieces
 50552 | Orc:2    | Found the ring of the Hare {EV+10}
 50590 | Orc:2    | XOM: god gift: scroll of teleportation
 50616 | Elf:1    | Entered Level 1 of the Elven Halls
 50625 | Elf:1    | XOM: cast spell 'Leda's Liquefaction'
 50631 | Elf:1    | XOM: divination: magic mapping
 50632 | Elf:1    | XOM: silly message
 50661 | Elf:1    | Acquired 796 gold pieces
 50760 | Elf:1    | Found a crumbling gateway.
 50777 | Desolati | XOM: stealth player
 50777 | Desolati | Entered the Desolation of Salt
 50806 | Desolati | XOM: polymorph servant of whispers -> ettin
 51212 | Desolati | Identified the +4 quarterstaff of the Countless Curses
                  | {venom, rElec rC++ rCorr Str-2}
 51219 | Desolati | Identified the amulet "Gonwuo Noca" {RegenMP Fly rElec rC++
                  | Str-3}
 51253 | Desolati | XOM: chaos upgrade
 51279 | Desolati | Found the +2 shield of Resistance {rF++ rC++ Will++}
 51302 | Desolati | Identified the +2 flail of Gozag's Benevolence {holy, rElec
                  | rPois rN+}
 51365 | Desolati | Mutation became permanent: You are robust. (+10% HP)
                  | [demonic ancestry]
 51365 | Desolati | Gained mutation: You are robust. (+10% HP) [demonic
                  | ancestry]
 51365 | Desolati | Reached XP level 22. HP: 152/204 MP: 19/19
 51434 | Desolati | XOM: stat loss: -1 Int (16/17)
 51528 | Desolati | XOM: 2-stop teleportation journey
 51680 | Desolati | XOM: give mutations
 51680 | Desolati | Lost mutation: You have sharp fingernails. [Xom's mischief]
 51680 | Desolati | Gained mutation: Your movements are slightly less
                  | encumbered by armour. (ER -2) [Xom's mischief]
 51680 | Desolati | Gained mutation: You have sharp fingernails. [Xom's
                  | mischief]
 51813 | Elf:1    | Reached skill level 19 in Fighting
 52152 | Elf:1    | Identified the +5 scale mail of Seasm {SInv}
 52204 | Elf:1    | XOM: give mutations
 52204 | Elf:1    | Lost mutation: Your system is resistant to poisons. (rPois)
                  | [Xom's mischief]
 52204 | Elf:1    | Gained mutation: Your system is resistant to poisons.
                  | (rPois) [Xom's mischief]
 52204 | Elf:1    | Lost mutation: You are agile. (Dex +4, Str/Int -1) [Xom's
                  | mischief]
 52204 | Elf:1    | Lost mutation: You expend magic power (3 MP) to strengthen
                  | your wands. [Xom's mischief]
 52274 | Elf:1    | XOM: god gift: 49 gold pieces
 52342 | Elf:1    | XOM: 2-stop teleportation journey
 52513 | Elf:2    | Noticed Asterion
 52521 | Elf:1    | Killed Asterion
 52676 | Elf:2    | XOM: destruction
 52933 | Elf:2    | Found a runed translucent gate.
 52933 | Elf:2    | Found a runed translucent gate.
 52934 | Elf:2    | Found a runed translucent gate.
 53047 | Elf:2    | XOM: scenery: 2 doors close
 53068 | Elf:2    | Noticed Jorgrun
 53068 | Elf:2    | XOM: cast spell 'Cause Fear'
 53082 | Elf:2    | Killed Jorgrun
 53131 | Elf:2    | XOM: silly message
 53137 | Elf:2    | XOM: silly message
 54018 | Elf:3    | Entered Level 3 of the Elven Halls
 54096 | Elf:3    | XOM: polymorph deep elf demonologist -> ice dragon
 54345 | Elf:3    | Identified the +3 chain mail "Cezuhua" {+Blink MP+9 Dex+3}
 54435 | Elf:3    | XOM: give mutations
 54435 | Elf:3    | Lost mutation: You possess an exceptional clarity of mind.
                  | [Xom's mischief]
 54435 | Elf:3    | Gained mutation: Your flesh is cold resistant. (rC+) [Xom's
                  | mischief]
 54526 | Elf:3    | Identified the ring of Ucot Zuc {rPois Str+6 Int+5}
 54571 | Elf:3    | XOM: silly message
 54826 | Elf:3    | Identified the +8 rapier of Saggy {holy, rN+ Will++}
 54902 | Elf:3    | Identified the +2 helmet of Cyjefuf {*Corrode MP+9 Str+3}
 54926 | Elf:3    | Got the Precepts of Displaced Destruction
 55049 | Elf:3    | Gained mutation: You occasionally lose the ability to drink
                  | potions when taking damage. [mutagenic glow]
 55191 | Elf:3    | XOM: blink monster(s)
 55301 | Elf:3    | Found Gyinlou's Distillery.
 55307 | Elf:3    | Bought 3 potions of might for 240 gold pieces
 55307 | Elf:3    | Bought a potion of mutation for 160 gold pieces
 55307 | Elf:3    | Bought a potion of haste for 200 gold pieces
 55307 | Elf:3    | Bought a potion of curing for 60 gold pieces
 55307 | Elf:3    | Bought 3 potions of curing for 180 gold pieces
 55307 | Elf:3    | Bought a potion of might for 80 gold pieces
 55307 | Elf:3    | Bought 2 potions of haste for 400 gold pieces
 55797 | D:11     | XOM: summons 12 hostile demons
 56001 | Vaults:5 | Entered Level 5 of the Vaults
 56024 | Vaults:5 | XOM: stat loss: -1 Str (20/21)
 56024 | Vaults:5 | Noticed a golden dragon
 56039 | Vaults:4 | XOM: enchant monster (good)
 56044 | Vaults:4 | XOM: enchant monster (bad)
 56048 | Vaults:4 | XOM: enchant monster (good)
 56060 | Vaults:4 | XOM: enchant monster (bad)
 56108 | Vaults:4 | XOM: cleaving
 56112 | Vaults:4 | XOM: cast spell 'Leda's Liquefaction'
 56116 | Vaults:4 | XOM: cast spell 'Summon Cactus Giant'
 56279 | Vaults:5 | XOM: fog
 56291 | Vaults:4 | XOM: summons friendly ufetubus
 56315 | Vaults:5 | XOM: chaos upgrade
 56339 | Vaults:4 | Killed a golden dragon
 56340 | Vaults:4 | Reached XP level 23. HP: 179/215 MP: 20/20
 56378 | Vaults:5 | XOM: confuse monster(s)
 56391 | Vaults:5 | XOM: divination: magic mapping
 56437 | Vaults:5 | Reached skill level 20 in Fighting
 56479 | Vaults:5 | Noticed an ancient lich
 56487 | Vaults:5 | Killed an ancient lich
 56611 | Vaults:5 | XOM: give mutation
 56611 | Vaults:5 | Lost mutation: Your thick and shaggy fur keeps you warm.
                  | (AC +3, rC+) [Xom's mischief]
 56745 | Vaults:5 | XOM: torment (123/215 hp)
 56757 | Vaults:5 | XOM: confusion
 56775 | Vaults:5 | XOM: blink monster(s)
 56889 | Vaults:5 | XOM: scenery: summon butterflies
 56962 | Vaults:5 | XOM: torment (120/215 hp)
 57155 | Vaults:5 | Noticed an ancient lich
 57166 | Vaults:5 | Killed an ancient lich
 57600 | Vaults:5 | Noticed an ancient lich
 57604 | Vaults:5 | Killed an ancient lich
 57841 | Vaults:5 | Got a silver rune of Zot
 57932 | Vaults:5 | XOM: confusion
 57939 | Vaults:5 | Noticed an ancient lich
 57944 | Vaults:5 | XOM: swap monsters
 57945 | Vaults:5 | XOM: noise
 57947 | Vaults:5 | Killed an ancient lich
 58027 | Vaults:5 | Identified the staff of earth "Xuimecicw" {rElec rC+ rN+
                  | Dex+4}
 58074 | Vaults:5 | Learned a level 2 spell: Lesser Beckoning
 58078 | Vaults:5 | Learned a level 3 spell: Gell's Gravitas
 58083 | Vaults:5 | Learned a level 4 spell: Manifold Assault
 58190 | Vaults:5 | Reached skill level 1 in Spellcasting
 58190 | Vaults:5 | Reached skill level 1 in Translocations
 58200 | Vaults:5 | Noticed a dread lich
 58206 | Vaults:5 | XOM: cleaving
 58209 | Vaults:5 | Killed a dread lich
 58217 | Vaults:5 | Identified the +9 spear of Honour {protect, rElec rPois rF+
                  | rC-}
 58218 | Vaults:5 | Identified the +8 war axe "Lohiet Moung" {drain, rF+ Int+2}
 58303 | Vaults:5 | XOM: 1-stop teleportation journey
 58364 | Vaults:5 | XOM: confuse monster(s)
 58469 | Vaults:5 | XOM: noise
 58496 | Vaults:5 | Identified the staff of cold "Birelonn" {rPois rF+ rC+
                  | Dex-2}
 58690 | Vaults:5 | XOM: give mutations
 58690 | Vaults:5 | Gained mutation: Your flesh is very cold resistant. (rC++)
                  | [Xom's mischief]
 58690 | Vaults:5 | Lost mutation: You are covered in thick fur. (AC +2) [Xom's
                  | mischief]
 58891 | Vaults:1 | XOM: scenery: summon butterflies
 59001 | Depths:1 | Entered Level 1 of the Depths
 59209 | Depths:1 | Identified the +7 long sword of Rida {drain, *Noise rPois
                  | rN+}
 59227 | Depths:1 | XOM: repel stairs
 59228 | Depths:1 | XOM: 3-stop teleportation journey
 59483 | Depths:1 | Found a one-way gate to the infinite horrors of the Abyss.
 59523 | Depths:1 | XOM: polymorph rakshasa -> apocalypse crab
 59543 | Depths:1 | Found a gateway to Hell.
 59593 | Depths:1 | XOM: noise
 59596 | Depths:1 | XOM: polymorph hell hog -> apocalypse crab
 59952 | Depths:1 | XOM: 1-stop teleportation journey
 60059 | Depths:1 | XOM: silly message
 60094 | Depths:1 | XOM: noise
 60117 | Depths:1 | Gained mutation: You frequently emit foul miasma when
                  | damaged in melee. [demonic ancestry]
 60117 | Depths:1 | Reached XP level 24. HP: 212/226 MP: 25/25
 60312 | Depths:1 | Found a hazy altar of Hepliaklqana.
 60353 | Depths:2 | XOM: potion effect (haste)
 60408 | Depths:2 | XOM: divination: detect creatures
 60751 | Depths:2 | XOM: give mutation
 60751 | Depths:2 | Lost mutation: Your system is resistant to poisons. (rPois)
                  | [Xom's mischief]
 60765 | Depths:2 | XOM: enchant monster (good)
 60878 | Depths:2 | XOM: summons friendly crimson imp
 60881 | Depths:2 | Noticed a juggernaut
 60894 | Depths:2 | XOM: cleaving
 60897 | Depths:2 | Killed a juggernaut
 60925 | Depths:2 | XOM: divination: magic mapping
 61022 | Depths:2 | XOM: 6-stop teleportation journey
 61025 | Depths:2 | XOM: blink monster(s)
 61030 | Depths:2 | Reached skill level 21 in Fighting
 61474 | Depths:2 | Found a one-way gate leading to the halls of Pandemonium.
 61604 | Depths:3 | XOM: enchant monster (good)
 61652 | Depths:3 | XOM: noise
 61671 | Depths:3 | Reached skill level 5 in Spellcasting
 61697 | Depths:3 | Reached skill level 5 in Translocations
 61724 | Depths:3 | XOM: noise
 61876 | Depths:3 | XOM: cast spell 'Monstrous Menagerie'
 61937 | Depths:3 | XOM: noise
 62175 | Depths:3 | XOM: 8-stop teleportation journey
 62184 | Depths:3 | Got Ybbicah's Incunable of Sinister Haze
 62216 | Depths:3 | XOM: silly message
 62229 | Depths:3 | XOM: noise
 62344 | Depths:3 | XOM: cast spell 'Statue Form'
 62517 | Depths:3 | XOM: silly message
 62563 | Depths:3 | XOM: destruction
 62632 | Depths:3 | Found a runed translucent gate.
 62633 | Depths:3 | Found a runed translucent gate.
 62633 | Depths:3 | Found an ancient bone altar of Kikubaaqudgha.
 62634 | Depths:3 | Found a runed translucent gate.
 62634 | Depths:3 | Noticed an ancient lich
 62636 | Depths:3 | Noticed Qealoh's ghost (adept MeMo)
 62819 | Depths:3 | XOM: give mutations
 62819 | Depths:3 | Gained mutation: You passively dampen the noise of your
                  | surroundings. [Xom's grace]
 62819 | Depths:3 | Gained mutation: Your system is resistant to poisons.
                  | (rPois) [Xom's grace]
 62819 | Depths:3 | Gained mutation: Your flesh is almost immune to the effects
                  | of cold. (rC+++) [Xom's grace]
 62822 | Depths:3 | Killed an ancient lich
 62947 | Depths:3 | Found a snail-covered altar of Cheibriados.
 62975 | Depths:3 | XOM: divination: magic mapping
 62991 | Depths:3 | XOM: scenery: summon butterflies
 63192 | Depths:3 | XOM: summons 2 friendly demons
 63210 | Depths:3 | XOM: fog
 63214 | Depths:3 | Killed Qealoh's ghost
 63294 | Depths:3 | Identified the +1 pair of gloves of the Wasteland {Str+4}
 63297 | Depths:3 | Identified the ring of Qisott {rN++ Int-4 SInv}
 63297 | Depths:3 | XOM: give mutations
 63297 | Depths:3 | Gained mutation: Your flesh is heat resistant. (rF+) [Xom's
                  | mischief]
 63297 | Depths:3 | Lost mutation: You occasionally lose the ability to drink
                  | potions when taking damage. [Xom's mischief]
 63334 | Depths:4 | Entered Level 4 of the Depths
 63343 | Depths:4 | Found a one-way gateway to a ziggurat.
 63398 | Depths:4 | XOM: blink monster(s)
 63413 | Depths:4 | Upgraded the game from 0.30.0-29-ga12c61a403 to
                  | 0.30.1-3-gfc49f6343a
 63425 | Depths:4 | XOM: blink monster(s)
 63464 | Depths:4 | XOM: silly message
 63466 | Depths:4 | XOM: repel stairs
 63484 | Depths:4 | XOM: scenery: 1 doors open
 63689 | Depths:4 | XOM: 2-stop teleportation journey
 63743 | Depths:4 | Found a magical portal.
 63752 | WizLab   | Entered Wucad Mu's Monastery
 63938 | WizLab   | Found the crystal ball of Wucad Mu {*channel}
 64336 | WizLab   | Gained mutation: You are very robust. (+20% HP) [demonic
                  | ancestry]
 64336 | WizLab   | Reached XP level 25. HP: 231/259 MP: 29/29
 64541 | Depths:4 | XOM: fake destruction
 64566 | Depths:4 | Found a gate to the Realm of Zot.
 64569 | Depths:4 | XOM: polymorph fire dragon -> goliath frog
 64574 | Depths:4 | XOM: divination: magic mapping
 64585 | Depths:4 | XOM: potion effect (magic)
 64592 | Depths:4 | XOM: summons 6 friendly demons
 64657 | Depths:4 | XOM: polymorph purple draconian -> minotaur
 65218 | Zot:1    | Entered Level 1 of the Realm of Zot
 65230 | Zot:1    | XOM: cleaving
 65234 | Depths:4 | XOM: confusion (+ monsters)
 65247 | Depths:4 | XOM: cast spell 'Chain of Chaos'
 65256 | Depths:4 | Gained mutation: You are extremely robust. (+30% HP)
                  | [demonic ancestry]
 65256 | Depths:4 | Reached XP level 26. HP: 165/291 MP: 19/30
 65276 | Depths:4 | XOM: summons 3 hostile shadow creatures
 65540 | Depths:4 | Reached skill level 22 in Fighting
 65668 | Depths:4 | XOM: fog
 65719 | Depths:4 | XOM: give mutations
 65719 | Depths:4 | Gained mutation: You have a somewhat thin skeletal
                  | structure. (Dex +2, Stealth+) [Xom's grace]
 65719 | Depths:4 | Gained mutation: Your mind is acute. (Int +4, Str/Dex -1)
                  | [Xom's grace]
 65793 | Zot:1    | Noticed an orb of fire
 65797 | Depths:4 | XOM: divine lightning
 65881 | Depths:4 | Learned a level 2 spell: Blink
 65889 | Depths:4 | XOM: scenery: 1 doors close
 65894 | Depths:4 | XOM: smoke on damage
 65898 | Depths:4 | Killed an orb of fire
 66084 | Zot:1    | XOM: fog
 66241 | Zot:1    | XOM: divination: detect creatures
 66294 | Zot:1    | XOM: summons 7 friendly demons
 66442 | Zot:1    | XOM: scenery: create altars
 66729 | Zot:1    | XOM: give mutations
 66729 | Zot:1    | Gained mutation: You expend magic power (3 MP) to
                  | strengthen your wands. [Xom's grace]
 66729 | Zot:1    | Gained mutation: Your natural rate of healing is unusually
                  | fast. [Xom's grace]
 66729 | Zot:1    | Gained mutation: You have very sharp fingernails. [Xom's
                  | grace]
 66788 | Zot:1    | XOM: god gift: +2 chain mail of positive energy
 66884 | Zot:1    | XOM: god gift: amulet of regeneration
 66927 | Zot:1    | XOM: enchant monster (good)
 66994 | Zot:1    | Identified the +5 dagger "Othemah" {speed, rPois rCorr
                  | Str-4}
 67025 | Zot:1    | XOM: destruction
 67033 | Zot:1    | XOM: confusion
 67079 | Zot:1    | XOM: give mutations
 67079 | Zot:1    | Lost mutation: Your flesh is almost immune to the effects
                  | of cold. (rC+++) [Xom's mischief]
 67079 | Zot:1    | Lost mutation: You are resistant to electric shocks.
                  | (rElec) [Xom's mischief]
 67259 | Zot:1    | XOM: give mutations
 67259 | Zot:1    | Lost mutation: Your magical capacity is low. (-10% MP)
                  | [Xom's mischief]
 67259 | Zot:1    | Lost mutation: Your flesh is very cold resistant. (rC++)
                  | [Xom's mischief]
 67415 | Zot:2    | Identified the +0 robe of Elitism {Harm rC+ Int+3 Dex-2
                  | SInv}
 67628 | Zot:2    | XOM: polymorph moth of wrath -> shining eye
 67632 | Zot:2    | Gained mutation: Your magical capacity is low. (-10% MP) [a
                  | shining eye]
 67661 | Zot:2    | XOM: blink monster(s)
 67763 | Zot:2    | XOM: noise
 68194 | Zot:2    | XOM: summons 4 hostile shadow creatures
 68287 | Zot:2    | XOM: summons 1 hostile demon
 68508 | Zot:2    | XOM: summons 2 hostile demons
 68611 | Zot:3    | XOM: noise
 69115 | Zot:3    | You are sucked into a shaft and drop 1 floor!
 69116 | Zot:4    | XOM: summons friendly crimson imp
 69127 | Zot:4    | Reached skill level 23 in Fighting
 69133 | Zot:4    | Noticed an orb of fire
 69139 | Zot:4    | Gained mutation: Armour fits poorly on your strangely
                  | shaped body. [an orb of fire]
 69145 | Zot:4    | XOM: noise
 69148 | Zot:4    | Gained mutation: You have hidden genetic defects. [an orb
                  | of fire]
 69231 | Zot:4    | XOM: scenery: 2 doors open
 69236 | Zot:4    | XOM: butterfly on damage
 69331 | Zot:4    | XOM: destruction
 69331 | Zot:4    | Gained mutation: You are weak. (Str -2) [an orb of fire]
 69334 | Zot:4    | XOM: fog
 69342 | Zot:4    | Gained mutation: You occasionally lose the ability to read
                  | scrolls when taking damage. [an orb of fire]
 69343 | Zot:4    | XOM: scenery: summon butterflies
 69344 | Zot:4    | Gained mutation: You are occasionally teleported next to
                  | monsters. [an orb of fire]
 69348 | Zot:4    | Gained mutation: You occasionally lose the ability to drink
                  | potions when taking damage. [an orb of fire]
 69350 | Zot:4    | Lost mutation: You are occasionally teleported next to
                  | monsters. [an orb of fire]
 69362 | Zot:4    | Killed an orb of fire
 69366 | Zot:4    | XOM: polymorph storm dragon -> storm dragon
 69594 | Zot:4    | XOM: polymorph white draconian -> minotaur
 69795 | Zot:4    | XOM: god gift: glowing quarterstaff {god gift}
 70130 | Zot:5    | Entered Level 5 of the Realm of Zot
 70153 | Zot:5    | XOM: swap monsters
 70636 | Zot:5    | Reached XP level 27. HP: 290/306 MP: 30/32
 70653 | Zot:5    | Identified the orb of the Present {mayhem, Harm Int+4
                  | Stlth-}
 70681 | Zot:5    | XOM: scenery: summon butterflies
 70701 | Zot:5    | XOM: cast spell 'Leda's Liquefaction'
 70703 | Zot:5    | Noticed a dread lich
 70705 | Zot:5    | XOM: polymorph Orb Guardian -> storm dragon
 70728 | Zot:5    | Killed a dread lich
 70765 | Zot:5    | XOM: polymorph Orb Guardian -> emperor scorpion
 70863 | Zot:5    | XOM: cloud trail
 70990 | Zot:5    | XOM: summons 2 friendly demons
 70998 | Zot:5    | XOM: divination: detect creatures
 71007 | Zot:5    | Noticed a dread lich
 71024 | Zot:5    | Killed a dread lich
 71132 | Zot:5    | Noticed an orb of fire
 71146 | Zot:5    | Lost mutation: Your natural rate of healing is unusually
                  | fast. [an orb of fire]
 71147 | Zot:5    | Killed an orb of fire
 71195 | Zot:5    | XOM: enchant monster (bad)
 71354 | Zot:5    | Reached skill level 10 in Translocations
 71355 | Zot:5    | Gained mutation: You sometimes lose your temper in combat.
                  | [hidden defects]
 71407 | Zot:5    | Noticed a dread lich
 71409 | Zot:5    | XOM: enchant monster (good)
 71411 | Zot:5    | XOM: chaos cloud
 71412 | Zot:5    | XOM: blink monster(s)
 71416 | Zot:5    | Noticed an orb of fire
 71431 | Zot:5    | XOM: cast spell 'Chain of Chaos'
 71434 | Zot:5    | Killed a dread lich
 71443 | Zot:5    | Killed an orb of fire
 71447 | Zot:5    | Reached skill level 10 in Spellcasting
 71463 | Zot:5    | a Killer Klown changed into a juggernaut
 71463 | Zot:5    | Noticed a juggernaut
 71463 | Zot:5    | XOM: polymorph Killer Klown -> juggernaut
 71464 | Zot:5    | XOM: enchant monster (good)
 71469 | Zot:5    | XOM: summons friendly crimson imp
 71471 | Zot:5    | Killed a juggernaut
 71472 | Zot:5    | XOM: destruction
 71482 | Zot:5    | Reached skill level 24 in Fighting
 71484 | Zot:5    | XOM: enchant monster (good)
 71507 | Zot:5    | XOM: potion effect (haste)
 71524 | Zot:5    | Gained mutation: You are clumsy. (Dex -2) [hidden defects]
 71524 | Zot:5    | Lost mutation: You have hidden genetic defects. [hidden
                  | defects expressed]
 71818 | Zot:5    | Noticed an ancient lich
 71831 | Zot:5    | Killed an ancient lich
 71990 | Zot:5    | Got the Orb of Zot
 72028 | Zot:5    | XOM: divination: magic mapping
 72030 | Zot:5    | Noticed Buechaar the pandemonium lord
 72038 | Zot:5    | XOM: enchant monster (good)
 72039 | Zot:5    | XOM: summons 8 hostile demons
 72337 | D:14     | XOM: confuse monster(s)
 72376 | D:11     | XOM: summons 7 friendly demons
 72419 | D:11     | XOM: god gift: 25 gold pieces
 72554 | D:11     | XOM: god gift: 4 stones
 72590 | D:9      | Noticed Jaizxurph the pandemonium lord
 72596 | D:9      | XOM: cast spell 'Disjunction'
 72601 | D:9      | XOM: scenery: summon butterflies
 72614 | D:9      | XOM: polymorph Jaizxurph -> Jaizxurph
 72635 | D:8      | Noticed Ylo Qofa the pandemonium lord
 72637 | D:8      | XOM: enchant monster (good)
 72698 | D:4      | XOM: cloud trail
 72800 | D:$      | Escaped with the Orb!

Illustrated notes

Levels and vault maps discovered:
D:1:      eino_arrival_tree_alley, layout_basic
D:2:      layout_basic, basic_altar
D:3:      layout_loops_ring, nicolae_shop_unique_rings,
          amcnicky_mini_rare_corridor_liquid, chequers_serial_rivers_micro_e,
          minivault_25, uniq_jessica
D:4:      layout_loops_ring, nicolae_stop_n_shop_2
D:5:      layout_cave_pools, minmay_misc_feat_rows, eino_tiny_chamber
D:6:      layout_basic, vehumet_statue, minmay_temple_entry_glassed_door,
          minmay_misc_feat_roman, kennysheep_crisscross
D:7:      layout_loops_corners, chequers_temple_overflow_minitemple
D:8:      layout_cave_pools, jmf_multi_god_temple2, gammafunk_ghost_smash
D:9:      layout_rooms, hangedman_ru_absence, david_orc_3
D:10:     layout_big_octagon, serial_gnoll_camp, gnoll_camp_huts_basic,
          gnoll_camp_mini_shop, gnoll_camp_mini_shop, gnoll_camp_mini_shop,
          gnoll_camp_mini_hut, serial_bayou_lagoon_b, uniq_grum
D:11:     minmay_klotski, layout_loops_ring, david_lair_shrubbed,
          nicolae_specific_store, nicolae_inconvenience_store, hex_tiny
D:12:     layout_loops_ring
D:13:     layout_cave_pools, grunt_vaults_entry_fortified,
          nicolae_transmutations_shop, grunt_decor_one_mirror, uniq_frances
D:14:     layout_basic, minmay_staircase_windowed_small
D:15:     grunt_enter_depths_snipers, layout_irregular_city,
          nicolae_qazlal_scattered_showers
Lair:1:   layout_small_grid, special_room [special_room_bee],
          hangedman_lair_generics_rect, grunt_megastairs_4
Lair:2:   layout_small_grid, nicolae_snake_entry_warm_welcome,
          grunt_megastairs_5, lemuel_fruit_tree, serial_bayou_shore_b,
          serial_bayou_shore_b, uniq_erica
Lair:3:   layout_layer_cave, minmay_shoals_entry_lonely_mermaid,
          gauntlet_entry_generic, minmay_lindwurm_lava
Lair:4:   layout_regular_city, nicolae_slime_entry_field_trip, uniq_nessos
Lair:5:   hangedman_lair_in_review, layout_long_grid,
          hangedman_lair_caniforms_friends
Shoals:1: layout_shoals, nicolae_take_the_stairs, minmay_shop_mass,
          nicolae_shoals_beach_house_on_fowls_legs
Shoals:2: argonaut_golden_fleece, layout_shoals, serial_shops,
          nicolae_shop_advertising_works [nicolae_subvault_shop_adworks],
          uniq_mlioglotl, uniq_ilsuiw
Shoals:3: layout_shoals, lightli_airlock
Shoals:4: shoals_end_hangedman, layout_shoals, nicolae_shoals_this_corrosion
Snake:1:  layout_chambers, lemuel_oklob_altar
Snake:2:  cheibrodos_snake_ritualist_ritual, layout_misc_corridors,
          nicolae_snake_serpentine_hallways, evilmike_ambush
          [evilmike_ambush_outer_basic, evilmike_ambush_inner_pond]
Snake:3:  layout_cave_town, grunt_ministairs_10, nicolae_triple_integral,
          grunt_megastairs_2
Snake:4:  grunt_snake_rune_pools, layout_cave_town, guppyfry_library_mini,
          minmay_shoptagon, uniq_mara, uniq_nikola
Orc:1:    layout_diamond_mine, basic_altar, enter_volcano_2,
          biasface_ghost_orc_armoury
Orc:2:    grunt_orc_gardens, layout_caves, grunt_orc_garden, grunt_orc_garden,
          grunt_orc_garden, grunt_orc_garden, nicolae_orc_lost_temple,
          uniq_azrael, uniq_erolcha
Elf:1:    nicolae_elf_arrival_no_cutting_in_line, layout_gridlike,
          portal_desolation_entry_garden, minivault_28, grunt_megastairs_3
Elf:2:    elven_hall_of_blades_hangedman_original
          [nicolae_blade_entry_sentries_behind_glass], layout_loops_cross,
          uniq_jorgrun, uniq_asterion
Elf:3:    minmay_elf_hall_dome, layout_geoelf_castle, serial_shops, shop
Vaults:1: ontoclasm_vaults_ring_small, nicolae_vaults_tangram_1,
          hangedman_vaults_slither, v_misc_4, v_pattern_2,
          nicolae_vaults_diagonal_hallway_7, layout_vaults_omnigrid,
          serial_shops, shop, nicolae_shop_peninsula, shop,
          nicolae_shop_waterfront, nicolae_shop_tiny_real_fake_doors
Vaults:2: vaults_room_fours, nicolae_vaults_trapezoid_lopsided_2,
          ontoclasm_vaults_shuriken, v_pattern_1, dpeg_vaults_monster_box,
          nicolae_vaults_tetromino_T_1, nicolae_vaults_more_shelving_1,
          nicolae_vaults_trapezoid_lopsided_2, nicolae_vaults_cochlea,
          nicolae_vaults_storing_the_good_stuff, nicolae_vaults_house_1,
          layout_vaults_chaotic_city, serial_shops, shop, shop, shop
Vaults:3: vaults_dpeg_cross, nicolae_vaults_closet_pinwheel_1,
          grunt_vaults_trifunnel, st_lattice, nicolae_vaults_arrows,
          nicolae_vaults_tetromino_L_2, minmay_crypt_entry_skeletal_spiral,
          vaults_room_pools, hangedman_vaults_snaps, nicolae_vaults_wrenched,
          nicolae_vaults_rhombus_7, nicolae_vaults_trapezoid_1, v_misc_5,
          nicolae_vaults_trapezoid_2, nicolae_vaults_trapezoid_lopsided_1,
          layout_vaults_omnicross, uniq_aizul, uniq_sojobo
Vaults:4: nicolae_vaults_offset_grid_hallway_1, nicolae_vaults_alarming,
          hangedman_vaults_hard_town_square, nicolae_vaults_closet_pinwheel_5,
          nicolae_vaults_mini_display_case,
          vaults_standard_mumra_enter_the_diamond, ontoclasm_vaults_spin,
          nicolae_vaults_door_testing_chamber, nicolae_vaults_little_squares_3,
          nicolae_vaults_offset_grid_hallway_3, ontoclasm_vaults_tryst,
          layout_vaults_maze_bifur
Vaults:5
Depths:1: layout_roguey, abyss_entry, hellmouth_2, nzn_hepliaklqana_mist_gate,
          infiniplex_staircase_pool_lava, serial_bayou_shore_a
Depths:2: minmay_glassy_protrusions, layout_cave_pools, grunt_pan_entry_zigzag,
          hell_entry, serial_sigils_hangedman_gnaw, nicolae_keep_em_comin
Depths:3: minmay_octagon_keep, layout_cave_pools, gammafunk_ghost_crypt,
          hell_entry, kennysheep_decorative_pillar, rand_demon_pan_entry_1,
          hangedman_abyss_entry_splay, serial_glass, glass_columns_b,
          glass_columns_a, slow_altar_2, infiniplex_staircase_spiral
Depths:4: grunt_twist_and_shout, layout_gridlike, enter_ziggurat_d,
          mu_enter_wizlab_4, hell_entry
Zot:1:    layout_basic, hangedman_zot_wheel_spokes, evilmike_ambush
          [evilmike_ambush_outer_doors, evilmike_ambush_inner_basic], uniq_grunn
Zot:2:    evilmike_crystal_ball_defense, layout_twisted_circle,
          nicolae_lava_and_water
Zot:3:    layout_concentric_octagons
Zot:4:    layout_basic
Zot:5:    layout_misc_corridors, skrybe_zot_glass_1

Skill      XL: |  1  2  3  4  5  6  7  8  9 10 11 12 13 14 15 16 17 18 19 20 21 22 23 24 25 26 27 |
---------------+----------------------------------------------------------------------------------+-----
Dodging        | 1 2 3 7 11 13 15 17 19 21 22 23 | 23.9
Throwing       | 2 3 4 5 6 7 |  7.3
Short Blades   | 2 3 4 5 6 7 |  7.5
Stealth        | 4 5 6 7 8 |  8.7
Fighting       | 3 4 5 6 7 8 9 10 12 13 14 15 16 17 18 19 20 21 23 24 | 24.2
Armour         | 2 4 6 7 9 10 11 | 11.4
Evocations     | 1 3 4 6 8 9 |  9.8
Polearms       | 6 9 11 13 14 | 14.0
Shields        | 4 6 8 9 11 12 13 14 16 17 18 19 20 | 20.1
Spellcasting   | 3 6 7 9 10 | 10.4
Translocations | 3 6 7 9 10 | 10.6

Action                     |  1- 3 |  4- 6 |  7- 9 | 10-12 | 13-15 | 16-18 | 19-21 | 22-24 | 25-27 || total
---------------------------+-------+-------+-------+-------+-------+-------+-------+-------+-------++-------
  Melee: Dagger            |   126 |   146 |   369 |   520 |       |       |       |       |       ||  1161
         Punch             |     1 |     2 |     7 |     8 |       |       |       |       |       ||    18
         Kick              |       |    51 |   124 |   252 |   178 |   328 |   545 |   795 |   569 ||  2842
         Headbutt          |       |       |    68 |   150 |       |       |       |       |       ||   218
         Demon trident     |       |       |       |   200 |   614 |  1404 |  1443 |  1976 |  1352 ||  6989
  Throw: Dart              |       |     2 |     3 |    15 |       |     4 |       |     1 |       ||    25
         Javelin           |       |       |       |       |       |       |       |     1 |       ||     1
   Cast: Manifold Assault  |       |       |       |       |       |       |       |    11 |    79 ||    90
         Gell's Gravitas   |       |       |       |       |       |       |       |     2 |       ||     2
         Passwall          |       |       |       |       |       |       |       |       |     8 ||     8
Ability: Evoke Invisibilit |       |       |       |       |     1 |     1 |       |       |       ||     2
  Evoke: Wand              |       |       |       |     3 |       |     7 |     4 |     3 |       ||    17
         Phantom mirror    |       |       |       |       |       |     1 |       |       |       ||     1
    Use: Potion            |       |       |     3 |    16 |     5 |    11 |     2 |     6 |     8 ||    51
         Scroll            |       |       |    13 |    11 |     7 |    10 |     7 |     6 |     4 ||    58
   Stab: Sleeping          |    11 |    13 |     3 |    21 |     6 |    30 |    34 |    17 |    19 ||   154
         Distracted        |       |       |     2 |     4 |     6 |    16 |    13 |    14 |     4 ||    59
         Confused          |       |       |     1 |     1 |     2 |     1 |     2 |     1 |     5 ||    13
         Invisible         |       |       |       |     4 |     9 |    10 |     4 |     1 |       ||    28
         Paralysed         |       |       |       |     1 |       |       |       |       |       ||     1
         Petrified         |       |       |       |     4 |     4 |       |       |     2 |     2 ||    12
         Petrifying        |       |       |       |       |     1 |       |       |       |     2 ||     3
 Armour: Robe              |    33 |    35 |       |       |       |       |       |       |       ||    68
         Ring mail         |       |     8 |   144 |   385 |       |       |       |       |       ||   537
         Skin              |       |       |    26 |       |       |       |       |     2 |       ||    28
         Chain mail        |       |       |       |    10 |   400 |       |       |       |       ||   410
         Leather armour    |       |       |       |       |    10 |   308 |   327 |   205 |   137 ||   987
  Dodge: Dodged            |    78 |    78 |   192 |   483 |   258 |   798 |   949 |  1353 |  1006 ||  5195
  Block: Kite shield       |       |       |       |   165 |   415 |   852 |  1012 |  1832 |  1326 ||  5602
